Cogmind - Beta 15 @@@ ROGUE MODE // 2025.05.26 @ 15:31:20 Player: Cracklepappy Result: Destroyed by G-73 Enforcer with Heavy Laser Performance ------------- Evolutions (8) 4000 Regions Visited (35) 7000 Robots Destroyed (685) 3425 Value Destroyed (33550) 33550 Prototype IDs (69) 1380 Alien Tech Used (1) 200 Bonus (21704) 21704 TOTAL SCORE: 71259 Bonus ------- Triggered High Security 500 High Alert Combat Kills 10673 Follower Combat Kills 3832 Entered Garrisons 2000 Used RIF Installer 5000 Aligned with FarCom 300 Friendly Fire -601 Cogmind --------- Core Integrity 0/1450 Matter 136/300 Energy 99/100 System Corruption 3% Temperature Cool (9) Movement Core (50) Location -2/Protoforge Parts ------- > --- POWER (2) -------- (None) > --- PROPULSION (7) --- (None) > --- UTILITY (10) ----- Experimental Core Analyzer Relay Coupler [Hunter] (13) Relay Coupler [Heavy] (22) Relay Coupler [Proto] (4) > --- WEAPON (4) ------- (None) > --- INVENTORY (5) ---- Light Antimatter Reactor Matter Drive Enhanced Nova Cannon Advanced Remote Datajack Improved Plasma Cutter Peak State ------------ > --- POWER ------------ Reinforced Quantum Reactor Reinforced Quantum Reactor > --- PROPULSION ------- Improved Medium Treads Armored Wheel High-density Centrium Wheel > --- UTILITY ---------- Advanced Cooling System Advanced Cooling System Advanced Coolant Injector Cargo Storage Unit Advanced Energy Well Core Analyzer Improved Transmission Jammer Graphene Brace Advanced Hacking Suite > --- WEAPON ----------- Enhanced Quantum Rifle Enhanced Quantum Rifle Nova Cannon Enhanced Nova Cannon > --- INVENTORY -------- Heavy Antimatter Reactor Quantum Reactor Experimental Power Amplifier Advanced Coolant Injector Improved Energy Well Experimental Matter Compressor IFF Parser Advanced Weapon Cycler Relay Coupler [NC] Relay Coupler [Behemoth] Relay Coupler [Proto] Relay Coupler [Proto] Relay Coupler [Proto] Relay Coupler [Proto] Relay Coupler [Proto] Relay Coupler [Proto] Relay Coupler [Proto] Relay Coupler [Proto] High-powered Tractor Beam Long-range Proton Cannon Heavy Linear Accelerator Heavy Linear Accelerator AWS/Autocannon Improved Remote Datajack Improved Plasma Cutter Longsword +1 [Rating: 144] Favorites ----------- Power Reinforced Quantum Reactor Engine Reinforced Deuterium Engine Power Core Neutrino Core Reactor Reinforced Quantum Reactor Propulsion Armored Wheel Treads Light Treads Leg Tripod Weapons Platform Wheel Armored Wheel Hover Unit Backup Propulsion III Flight Unit Xenon Bombardment Thruster Utility Huge Storage Unit Device Improved Cooling System Storage Huge Storage Unit Processor Core Analyzer Hackware Relay Coupler [NC] Protection Improved Medium Armor Plating Weapon Gatling Laser Energy Gun Gatling Laser Energy Cannon Heavy Phase Cannon Ballistic Gun Railgun Ballistic Cannon Heavy Linear Accelerator Launcher Proton Missile Launcher Special Weapon Remote Datajack Slashing Weapon Longsword +1 Piercing Weapon Lance Build | -11 -10 -10 -10 -9 -8 -8 -8 -8 -7 -7 -7 -7 -7 -7 -6 -6 -6 -6 -6 -6 -5 -5 -5 -5 -5 -5 -4 -4 -4 -3 -2 -2 -2 -2 -2 ------- Run | Yrd Mat Min Exi Min Mat Gar Mat Gar Fac Was Fac Gar Fac Gar Fac Was Fac Gar Fac Gar Fac Was Fac Gar Fac Gar Fac Gar Fac Res Res Gar Res Qua Frg Slots Evolved 16 | . . . . . 4 . . . 2 . . . . . 2 . . . . . 2 . . . . . 2 . . 2 2 . . . . Power 1 | . . . . . . . . . . . . . . . . . . . . . 1 . . . . . . . . . . . . . . Propulsion 5 | . . . . . 1 . . . . . . . . . . . . . . . . . . . . . . . . 2 2 . . . . Utility 8 | . . . . . 1 . . . 2 . . . . . 2 . . . . . 1 . . . . . 2 . . . . . . . . Weapon 2 | . . . . . 2 . . . . . . . . . . . . . . . . . . . . . . . . . . . . . . Parts Attached 565 | 8 7 . . 4 44 23 22 3 7 1 21 6 20 8 38 2 4 29 12 25 8 . 30 22 . 41 2 28 42 23 2 66 9 4 4 Power 62 | 1 1 . . 2 2 1 2 . . . . 1 . 1 5 . . 4 . . 1 . 6 7 . 9 . . 2 2 . 10 4 . 1 Engine 28 | 1 1 . . 1 2 1 2 . . . . . . . 4 . . 1 . . 1 . 2 6 . 2 . . . 1 . . 2 . 1 Core 12 | . . . . 1 . . . . . . . . . 1 . . . 2 . . . . 4 1 . 2 . . . . . 1 . . . Reactor 22 | . . . . . . . . . . . . 1 . . 1 . . 1 . . . . . . . 5 . . 2 1 . 9 2 . . Propulsion 92 | 2 . . . 1 7 5 1 . . . 2 1 4 1 5 . 1 3 1 1 . . 1 1 . 6 . 8 13 8 . 16 . 2 2 Treads 14 | 2 . . . 1 2 2 . . . . . 1 . . . . . . . . . . . . . 3 . 3 . . . . . . . Leg 5 | . . . . . . . 1 . . . . . . . 1 . . . . . . . . . . 1 . 2 . . . . . . . Wheel 46 | . . . . . 5 3 . . . . 2 . 4 1 4 . 1 3 1 1 . . 1 1 . 2 . 2 13 2 . . . . . Hover 1 | . . . . . . . . . . . . . . . . . . . . . . . . . . . . . . 1 . . . . . Flight 26 | . . . . . . . . . . . . . . . . . . . . . . . . . . . . 1 . 5 . 16 . 2 2 Utility 231 | 2 3 . . . 8 8 9 2 3 1 11 1 9 1 11 2 2 16 10 20 7 . 11 7 . 15 2 9 16 9 2 31 2 1 . Device 113 | 1 2 . . . 3 4 7 . 1 . 4 . 3 1 9 . 2 8 6 8 3 . 6 3 . 8 1 1 9 7 2 11 2 1 . Storage 15 | 1 1 . . . 1 . 1 . . . 2 . 1 . 2 . . . 2 1 . . . . . . 1 . . . . 2 . . . Processor 18 | . . . . . . . . . 1 . . . 2 . . 1 . . . 1 2 . 1 . . 2 . . 4 2 . 2 . . . Hackware 52 | . . . . . . 1 . 1 . 1 1 . . . . 1 . 8 1 8 1 . 2 3 . 4 . 5 2 . . 13 . . . Protection 33 | . . . . . 4 3 1 1 1 . 4 1 3 . . . . . 1 2 1 . 2 1 . 1 . 3 1 . . 3 . . . Artifact . | . . . . . . . . . . . . . . . . . . . . . . . . . . . . . . . . . . . . Weapon 180 | 3 3 . . 1 27 9 10 1 4 . 8 3 7 5 17 . 1 6 1 4 . . 12 7 . 11 . 11 11 4 . 9 3 1 1 Energy Gun 50 | 2 2 . . 1 13 . 3 . . . 4 2 4 4 5 . . . . 2 . . . 1 . 2 . 2 . 2 . 1 . . . Energy Cannon 38 | . 1 . . . 4 . . . 4 . 3 . . . 8 . 1 4 1 . . . 5 1 . 1 . 1 1 . . . 1 1 1 Ballistic Gun 58 | 1 . . . . 6 7 6 1 . . . . 1 1 1 . . . . 2 . . 4 3 . 2 . 7 7 2 . 7 . . . Ballistic Cannon 18 | . . . . . 3 . 1 . . . . . 2 . 2 . . . . . . . 1 . . 5 . 1 2 . . . 1 . . Launcher 3 | . . . . . . . . . . . . . . . 1 . . . . . . . 1 1 . . . . . . . . . . . Special Weapon 8 | . . . . . . 2 . . . . . 1 . . . . . . . . . . 1 1 . 1 . . 1 . . 1 . . . Impact Weapon . | . . . . . . . . . . . . . . . . . . . . . . . . . . . . . . . . . . . . Slashing Weapon 3 | . . . . . 1 . . . . . 1 . . . . . . 1 . . . . . . . . . . . . . . . . . Piercing Weapon 2 | . . . . . . . . . . . . . . . . . . 1 . . . . . . . . . . . . . . 1 . . Special Melee Weapon . | . . . . . . . . . . . . . . . . . . . . . . . . . . . . . . . . . . . . Unidentified Prototypes 26 | . . . . . 2 . 6 . . . 1 . 2 . 9 . . 1 . . . . . . . . 1 . 1 1 . 1 . 1 . Corrupted Parts 2 | . . . . . . . . . . . . . . . . . . . . . . . . . . 1 . . 1 . . . . . . System Corruption 4 | . . . . . . . . . . . . . . . . . . . . . . . . . . 1 . . 3 . . . . . . Parts Lost 156 | . 1 . . 2 7 3 1 2 . . 2 3 3 . 19 . . 9 . . . . . 12 . 7 . 5 38 3 2 16 4 1 16 Power 16 | . . . . . . . . . . . . . . . . . . 1 . . . . . 5 . 1 . . 4 1 1 1 . . 2 Propulsion 51 | . . . . 1 3 1 . . . . 1 1 1 . 4 . . 1 . . . . . 2 . 3 . 2 11 . . 9 4 1 6 Utility 52 | . 1 . . . . 2 . 1 . . . 1 . . 10 . . 4 . . . . . 2 . 2 . 2 14 1 1 5 . . 6 Weapon 37 | . . . . 1 4 . 1 1 . . 1 1 2 . 5 . . 3 . . . . . 3 . 1 . 1 9 1 . 1 . . 2 Highest Loss Streak 22 | . 1 . . 2 4 2 1 2 . . 1 3 1 . 6 . . 4 . . . . . 4 . 3 . 2 22 3 5 5 2 1 14 To Critical Strikes . | . . . . . . . . . . . . . . . . . . . . . . . . . . . . . . . . . . . . Average Backups 22 | 4 16 20 19 17 22 22 22 22 22 22 22 22 22 21 21 20 21 21 22 25 26 27 26 27 28 26 25 26 26 4 5 4 4 4 4 Power 1 | 1 1 1 1 1 2 1 1 1 1 1 1 1 1 1 1 1 1 . . 1 1 1 . . 1 1 1 1 1 . . . . . . Propulsion 1 | 2 2 2 2 1 1 1 . 1 2 2 . . 1 1 . . . 1 2 2 2 2 1 1 1 . . . 1 . . . . . . Utility 10 | . 2 3 3 3 6 6 10 10 7 8 10 10 8 7 6 6 7 10 10 15 15 15 12 15 19 17 17 18 16 2 3 2 1 . . Weapon 7 | . 10 13 12 10 10 9 7 7 8 9 8 9 9 9 10 11 10 6 7 5 7 8 9 7 5 6 5 4 4 . . . 1 1 1 Tool/Special . | . . . . . . . . . . . . . . . . . . . . . . . . . . . . . . . . . . . . Unused Backups 123 | 1 6 . 5 . 9 10 6 5 4 2 2 1 4 2 4 . 3 10 3 4 2 1 3 5 . 13 . 3 12 . . . . 1 2 Power 12 | . 1 . . . 1 . . . . . . . . . . . . 1 . . . . . 1 . 4 . 2 1 . . . . . 1 Propulsion 22 | 1 3 . . . 2 4 1 . 2 . . . 1 . 1 . 1 2 2 . . . . . . . . . 2 . . . . . . Utility 58 | . . . 1 . 1 3 4 5 1 . 1 1 1 1 1 . 1 5 1 2 2 1 3 4 . 8 . 1 9 . . . . 1 . Weapon 27 | . 2 . 4 . 5 2 1 . . 2 1 . 2 1 2 . 1 1 . 2 . . . . . 1 . . . . . . . . . Tool/Special 4 | . . . . . . 1 . . 1 . . . . . . . . 1 . . . . . . . . . . . . . . . . 1 Average Slot Usage (%) 88 | . 99 100 100 100 96 99 89 83 84 85 89 91 85 84 90 82 95 94 87 81 74 76 86 85 88 89 90 84 90 41 61 87 86 77 61 Engine 4 | . 14 14 14 14 9 9 7 7 7 7 7 2 . . 2 6 6 3 . . 4 5 1 6 5 2 . . . 2 . . 3 . . Reactor 3 | . . . . . . . . . . . . 4 7 1 2 . . 1 6 6 5 5 1 . . 5 10 10 9 1 2 5 4 4 2 Treads 4 | . 28 28 28 28 9 4 . . . . . 3 2 . . . . . . . . . . . . 2 5 7 . . . . . . . Wheel 9 | . . . . . 16 22 10 . . . 10 10 11 15 15 13 19 18 14 12 11 11 11 10 11 10 10 1 12 2 . . . . . Flight 1 | . . . . . . . . . . . . . . . . . . . . . . . . . . . . . . 8 17 25 21 17 11 Device 14 | . 13 14 14 14 11 8 12 11 20 15 18 15 15 15 31 20 22 13 6 7 7 5 11 16 11 16 24 20 21 9 24 9 9 13 9 Storage 7 | . 14 14 14 14 9 9 7 7 7 7 7 7 7 7 8 13 13 12 6 6 5 5 5 5 5 5 8 5 4 . . . . . . Processor 2 | . . . . . . . . . . . . . . . . 5 . . . . 1 5 10 11 11 9 5 5 6 3 8 3 8 8 7 Hackware 6 | . . . . . . . . . . 5 3 . . . . 4 6 16 31 21 12 11 6 3 11 6 5 9 9 . . 24 24 21 18 Protection 4 | . . . . . 6 9 3 3 7 7 6 14 8 7 1 . . . . 5 4 5 3 1 . . . 3 1 . . 1 . . . Energy Gun 9 | . 18 28 28 28 15 . 8 15 13 7 5 28 29 28 14 . . . . . . . . . . 5 10 4 . 2 . . . . . Energy Cannon 5 | . 4 . . . 3 . . . 2 21 24 . . . 10 13 25 24 10 6 5 5 5 11 23 13 10 6 . . . . . 2 2 Ballistic Gun 7 | . 5 . . . 8 34 32 27 18 . . . . . . . . . . . . . 12 10 . . . 2 18 2 4 9 5 3 2 Slashing Weapon 1 | . . . . . 1 1 . . . . . 1 . 1 . . . . 6 6 5 5 . . . . . . . 3 4 3 4 3 2 Peak Build Rating 144 | 7 11 11 15 17 45 48 89 84 95 95 90 70 73 70 110 80 89 89 90 92 100 94 104 99 95 136 144 144 128 92 93 144 130 138 133 Average Rating 77 | 5 9 11 12 15 34 40 69 77 89 88 71 64 67 65 88 79 82 78 85 84 95 94 95 92 95 111 140 128 114 55 85 114 110 122 101 On Entrance 72 | . 7 11 11 15 15 38 46 81 74 95 88 61 65 66 64 66 80 84 81 88 85 94 94 99 95 95 130 144 115 3 83 81 125 94 133 Naked Turns 24 | . . . . . . . . . . . . . . . . . . . . . . . . . . . . . 7 17 . . . . . Heaviest Build 267 | 13 52 52 52 52 123 129 140 137 152 144 146 137 140 138 174 113 124 128 120 182 203 195 217 207 197 248 247 267 242 35 28 55 37 35 35 Greatest Support 93 | 40 40 40 40 40 40 36 90 90 90 90 90 40 48 44 60 40 56 56 40 40 40 40 40 44 44 48 32 93 42 43 43 55 39 42 36 Greatest Overweight (x) 22 | . 1 1 1 1 12 5 3 1 1 1 3 4 4 3 6 2 3 3 3 4 5 4 5 6 4 12 7 10 22 1 . 4 1 1 4 Average Overweight (x) 2 | . . 1 1 1 6 3 1 1 1 1 2 3 3 3 2 2 2 2 2 3 4 4 4 3 4 6 7 4 5 . . . . . . Largest Inventory Capacity 30 | 8 20 20 20 20 25 25 25 25 25 25 25 25 25 25 25 25 25 25 25 30 30 30 30 30 30 30 30 30 30 5 5 5 5 5 5 Average Capacity 24 | 7 16 20 20 20 24 25 25 25 25 25 25 25 25 25 25 25 25 25 25 28 30 30 30 30 30 30 30 30 29 5 5 5 5 5 5 Most Carried 30 | 8 20 20 20 20 25 25 25 25 25 25 25 25 25 25 25 25 25 25 25 30 30 30 30 30 30 30 30 30 30 5 5 5 5 5 5 Average Carried 24 | 5 16 20 19 19 24 24 24 24 24 24 24 24 24 24 24 24 24 24 24 28 29 30 29 29 30 29 29 29 29 4 5 4 4 4 4 Final Capacity 30 | 8 20 20 20 20 25 25 25 25 25 25 25 25 25 25 25 25 25 25 25 30 30 30 30 30 30 30 30 30 5 5 5 5 5 5 5 Final Carried 30 | 8 20 20 20 19 25 25 25 25 25 25 25 25 25 25 24 25 25 25 25 30 30 30 30 30 30 30 30 30 5 5 5 5 5 4 5 Class Distribution -------------------- 18% | Botlord-Gunner 12% | Tank 9% | Scavenger-Skirmisher 9% | Mutant 8% | Scavenger-Tank 6% | Botlord-Mutant 5% | Skirmisher 5% | Botlord-Sprinter 5% | Hauler-Gunner 4% | Botlord-Tank 4% | Scavenger-Executioner Dominant Class ---------------- Mutant | -10/Materials Mutant | -10/Mines Mutant | -10/Exiles Mutant | -9/Mines Skirmisher | -8/Materials Scavenger-Skirmisher | -8/Garrison Scavenger-Executioner | -8/Materials Scavenger-Executioner | -8/Garrison Scavenger-Tank | -7/Factory Scavenger-Tank | -7/Waste Tank | -7/Factory Scavenger-Tank | -7/Garrison Tank | -7/Factory Tank | -7/Garrison Scavenger-Skirmisher | -6/Factory Gunner | -6/Waste Skirmisher | -6/Factory Botlord-Gunner | -6/Garrison Botlord-Mutant | -6/Factory Botlord-Mutant | -6/Garrison Commander-Mutant | -5/Factory Bothacker-Mutant | -5/Waste Hauler-Gunner | -5/Factory Hauler-Gunner | -5/Garrison Hauler-Gunner | -5/Factory Botlord-Gunner | -5/Garrison Botlord-Gunner | -4/Factory Botlord-Tank | -4/Garrison Botlord-Gunner | -4/Factory Scavenger-Sprinter | -3/Research Scavenger-Sprinter | -2/Research Botlord-Sprinter | -2/Garrison Botlord-Sprinter | -2/Research Botlord-Sprinter | -2/Quarantine Botlord-Sprinter | -2/Protoforge Resources | -11 -10 -10 -10 -9 -8 -8 -8 -8 -7 -7 -7 -7 -7 -7 -6 -6 -6 -6 -6 -6 -5 -5 -5 -5 -5 -5 -4 -4 -4 -3 -2 -2 -2 -2 -2 ----------- Run | Yrd Mat Min Exi Min Mat Gar Mat Gar Fac Was Fac Gar Fac Gar Fac Was Fac Gar Fac Gar Fac Was Fac Gar Fac Gar Fac Gar Fac Res Res Gar Res Qua Frg Matter Collected 25951 | 304 376 20 . 35 1211 1751 1239 721 464 . 618 389 720 296 1376 . . 804 528 1042 269 . 1472 1217 . 2219 . 970 5253 591 . 1677 134 160 95 Remotely 2427 | . . . . . . . . . . . . . . . . . . . . . . . . . . 283 . . 1683 461 . . . . . Salvage Created 33915 | 119 537 157 . 124 2438 1429 1852 1113 934 . 989 1145 1506 1050 2478 . . 1023 213 1484 . . 1179 2001 . 2422 . 1750 4620 919 . 1848 161 227 197 Parts 1584 | 6 39 16 . 9 115 117 78 53 41 . 60 51 61 52 92 . . 45 9 49 . . 64 89 . 91 . 75 234 37 . 78 7 5 11 Haulers Intercepted 14 | . 2 . . . 2 . 2 . 1 . 1 . . . 1 . . . . . . . . . . . . . 2 3 . . . . . Recyclers Shooed 15 | . 2 . . . . . 1 . . . 2 . . . 1 . . . . . . . 1 . . . . . 7 1 . . . . . Parts Field Recycled . | . . . . . . . . . . . . . . . . . . . . . . . . . . . . . . . . . . . . Retrieved Matter . | . . . . . . . . . . . . . . . . . . . . . . . . . . . . . . . . . . . . Parts Self-Destructed . | . . . . . . . . . . . . . . . . . . . . . . . . . . . . . . . . . . . . Prevented . | . . . . . . . . . . . . . . . . . . . . . . . . . . . . . . . . . . . . Kills | -11 -10 -10 -10 -9 -8 -8 -8 -8 -7 -7 -7 -7 -7 -7 -6 -6 -6 -6 -6 -6 -5 -5 -5 -5 -5 -5 -4 -4 -4 -3 -2 -2 -2 -2 -2 ------- Run | Yrd Mat Min Exi Min Mat Gar Mat Gar Fac Was Fac Gar Fac Gar Fac Was Fac Gar Fac Gar Fac Was Fac Gar Fac Gar Fac Gar Fac Res Res Gar Res Qua Frg Combat Hostiles Destroyed 558 | . 12 7 . 5 39 39 28 21 16 . 19 25 30 25 48 . . 19 3 5 . . 23 37 . 35 . 35 54 5 . 21 1 1 5 Melee 31 | . . . . . 5 . 1 . . . . . . . 1 . . . . . . . . . . . . . 1 5 . 13 1 . 4 Guns 342 | . 10 7 . 5 21 39 27 21 12 . . 24 28 25 17 . . . . . . . 15 24 . 4 . 13 41 . . 8 . 1 . Cannons 142 | . 2 . . . 6 . . . 4 . 19 . . . 16 . . 17 2 3 . . 7 11 . 22 . 22 10 . . . . . 1 AOE 24 | . . . . . 5 . . . . . . . . . 13 . . . 1 . . . . . . 4 . . 1 . . . . . . Classes Destroyed 23 | 2 5 . . . 6 2 3 1 . . 1 . . . 1 . . . . 1 . . . . . 1 . . . . . . . . . Worker 27 | . . . . . 8 . 1 . 1 . . . 1 . 3 . . . . . . . 1 . . . . . 11 . . . . . 1 Builder 21 | . . . . . 6 . . . . . 2 . 3 . 1 . . . . . . . . . . . . . 8 1 . . . . . Tunneler 4 | 2 . . . . . . . . . . . . . . . . . . . . . . . . . . . . . 1 . . 1 . . Hauler 14 | . 2 . . . 2 . 2 . 1 . 1 . . . 1 . . . . . . . . . . . . . 2 3 . . . . . Recycler 25 | 1 2 . . . 2 . 2 . 1 . 2 . 1 . 2 . . . . . . . . . . . . . 7 3 . . 1 1 . Mechanic 3 | . . . . . 1 . 1 . . . . . . . 1 . . . . . . . . . . . . . . . . . . . . Operator 7 | . 2 . . . 1 . 1 . . . 1 . . . . . . . . . . . . . . . . . 1 1 . . . . . Watcher 22 | . 3 . . . 5 . . . 2 . 3 . 1 . 1 . . . . . . . 2 . . 1 . . 4 . . . . . . Swarmer 151 | . 6 3 . . 9 18 . 1 6 . 11 7 1 16 3 . . 6 . . . . 7 10 . 3 . 18 6 5 . 10 . . 5 Cutter 7 | . . . . . . 2 . 1 . . . . . . . . . 4 . . . . . . . . . . . . . . . . . Saboteur 4 | . . . . . . . . . . . . . . . 2 . . . . . . . . . . . . . 1 . . 1 . . . Grunt 226 | . 6 4 . 5 24 11 18 11 5 . 2 11 18 4 20 . . 9 . 4 . . 6 19 . 16 . 7 21 . . 4 . 1 . Brawler 19 | . . . . . 1 . . 1 . . . 2 1 1 5 . . . 1 . . . 1 1 . . . 3 2 . . . . . . Duelist 13 | . . . . . 2 . . . 4 . . . . . 2 . . . . . . . . . . . . . 4 . . 1 . . . Protector 7 | . . . . . . . 1 . . . . . . . 4 . . . . . . . . 1 . . . . 1 . . . . . . Sentry 34 | . . . . . 3 4 5 1 . . 1 4 4 1 . . . 1 2 . . . . 1 . 3 . 1 1 . . 2 . . . Demolisher 2 | . . . . . . . . 1 . . . . . . . . . . . . . . . 1 . . . . . . . . . . . Specialist 11 | . . . . . . . 2 . . . . . . 1 5 . . . . . . . . . . 2 . . 1 . . . . . . Hunter 22 | . . . . . . . . . . . 1 1 . . 3 . . . . . . . 3 . . 3 . 2 7 . . 2 . . . Programmer 55 | . . . . . . 4 . 5 1 . 4 . 6 2 3 . . . . . . . 6 2 . 6 . 3 10 . . 2 1 . . Heavy 2 | . . . . . . . 1 . . . . . . . 1 . . . . . . . . . . . . . . . . . . . . Behemoth 6 | . . . . . . . . . . . . . . . . . . . . 1 . . . 2 . 2 . 1 . . . . . . . Executioner 2 | . . . . . . . . . . . . . . . . . . . . . . . . . . 1 . . . . . 1 . . . Best Kill Streak 15 | 2 4 3 . 3 6 6 5 4 7 . 5 8 4 8 15 . . 5 1 2 . . 5 6 . 7 . 6 11 7 . 5 1 1 4 Combat Bots Only 11 | . 3 3 . 3 6 6 5 4 5 . 4 8 3 8 11 . . 5 1 2 . . 4 6 . 7 . 6 9 3 . 5 1 1 4 Max Kills in Single Turn 6 | 1 1 2 . 1 3 3 2 2 2 . 2 3 2 2 6 . . 2 1 1 . . 2 2 . 2 . 2 3 1 . 2 1 1 1 Gunslinging 2 | . . 1 . . 1 2 1 . 1 . . 1 . 1 . . . . . . . . 1 1 . . . . 1 . . . . . . Exploded 4 | . . . . . 2 . . . . . . . . . 4 . . . 1 . . . . . . 2 . . 1 . . . . . . Melee 1 | . . . . . 1 . 1 . . . . . . . 1 . . . . . . . . . . . . . 1 1 . 1 1 . 1 Uniques/NPCs Destroyed 1 | . . . . . . . 1 . . . . . . . . . . . . . . . . . . . . . . . . . . . . 7R-MNS (-8/Materials) Combat | -11 -10 -10 -10 -9 -8 -8 -8 -8 -7 -7 -7 -7 -7 -7 -6 -6 -6 -6 -6 -6 -5 -5 -5 -5 -5 -5 -4 -4 -4 -3 -2 -2 -2 -2 -2 -------- Run | Yrd Mat Min Exi Min Mat Gar Mat Gar Fac Was Fac Gar Fac Gar Fac Was Fac Gar Fac Gar Fac Was Fac Gar Fac Gar Fac Gar Fac Res Res Gar Res Qua Frg Hostile Shots Fired 2679 | . 52 22 . 17 109 109 117 50 45 . 88 95 110 72 273 . . 123 34 16 8 . 49 128 . 123 . 173 562 45 20 107 10 21 101 Missed 774 | . 11 3 . 2 31 22 23 13 14 . 20 24 42 28 82 . . 36 13 5 2 . 15 33 . 27 . 51 171 20 10 32 3 9 32 Hits 1905 | . 41 19 . 15 78 87 94 37 31 . 68 71 68 44 191 . . 87 21 11 6 . 34 95 . 96 . 122 391 25 10 75 7 12 69 Melee 32 | . . . . . 2 3 . . . . . . . . 4 . . 10 . . 1 . . . . . . 2 8 1 . 1 . . . Projectile 1873 | . 41 19 . 15 76 84 94 37 31 . 68 71 68 44 187 . . 77 21 11 5 . 34 95 . 96 . 120 383 24 10 74 7 12 69 AOE 17 | . . . . . . . . 3 . . . . . . . . . 2 . . . . . 11 . . . . . 1 . . . . . Critical Strikes 87 | . 2 . . . 2 3 3 3 . . . 1 3 3 9 . . 10 . 1 . . 2 5 . 3 . 6 23 1 . 5 . 1 1 Actively Blocked 29 | . . . . . . . . . . . . . . . . . . . . . . . . . . . . 6 23 . . . . . . Part Disruptions 6 | . . . . . . 1 . . . . 1 . . . 2 . . . . . . . . . . . . . 1 . . 1 . . . Damage Taken 33279 | . 405 247 . 189 1220 1094 1727 565 416 . 1007 743 969 602 3726 . . 1546 243 214 109 17 643 2095 . 2111 . 2254 6138 570 131 1881 268 323 1826 Core 4859 | . 102 90 . 49 164 100 153 111 48 . 149 18 38 30 460 . . 317 19 21 . . 77 174 . 237 . 199 698 143 46 344 51 90 931 Absorbed by Shields 1472 | . . . . . . 28 . 71 . . . . . . . . . . . 10 30 . . 250 . 15 . . 1068 . . . . . . Redirected to Shielding 198 | . . . . . 13 96 . . . . . . . . . . . . . . . . . . . . . . 43 . . 46 . . . Ignored by Resistances 389 | . . . . . . 119 33 . 56 . 4 89 . . 73 . . . 4 . . . . . . 11 . . . . . . . . . Regen/Repaired (Parts) 1517 | . . . . . 141 . 51 . . . 215 . 51 . . . . . . . 118 . 163 . . . . . 714 . . . 64 . . Core Remaining (%) 41 | 100 . . . 3 . . . 4 . . . . . 59 . . . . . 3 . . . . . 51 . . 22 89 . . . . . Volleys Fired 1472 | 8 59 12 . 10 70 90 55 47 34 7 44 45 60 27 75 8 3 71 41 105 7 8 50 95 . 88 . 97 161 1 . 62 7 18 7 Largest 6 | 2 2 2 . 2 4 4 6 6 5 1 5 4 4 4 4 1 1 4 1 2 1 1 4 4 . 4 . 4 4 1 . 4 1 1 1 Hottest 428 | 70 130 130 . 130 320 108 300 245 428 5 428 262 321 320 360 5 90 360 113 203 94 5 270 360 . 383 . 363 210 94 . 141 113 113 120 Shots Fired 4143 | 16 108 24 . 20 271 297 279 188 160 7 141 150 230 108 272 8 3 156 37 106 7 8 127 281 . 213 . 205 579 1 . 109 7 18 7 Gun 2914 | 16 88 24 . 20 205 282 279 179 150 . 15 147 230 108 166 . . . . . . . 83 191 . 39 . 82 518 1 . 82 . 9 . Cannon 922 | . 20 . . . 66 . . . 9 . 124 . . . 97 . 3 134 32 27 2 . 30 78 . 146 . 105 41 . . . 3 2 3 Launcher 18 | . . . . . . . . . . . . . . . 8 . . . . . . . . 3 . 7 . . . . . . . . . Special 289 | . . . . . . 15 . 9 1 7 2 3 . . 1 8 . 22 5 79 5 8 14 9 . 21 . 18 20 . . 27 4 7 4 Kinetic 1839 | 8 30 . . . 101 282 213 118 90 . . . . . 22 . . . . . . . 83 191 . 24 . 33 553 . . 82 . 9 . Thermal 1798 | 8 78 24 . 20 44 . 66 61 69 . 139 147 230 88 229 . 3 134 24 14 . . 23 73 . 155 . 154 6 1 . . 3 2 3 Explosive 8 | . . . . . . . . . . . . . . . 8 . . . . . . . . . . . . . . . . . . . . Electromagnetic 209 | . . . . . 126 . . . . . . . . 20 12 . . . 8 13 2 . 7 8 . 13 . . . . . . . . . Robot Hit Streak 31 | 3 8 7 . 9 11 21 31 22 9 7 12 16 21 8 15 2 . 7 8 20 2 6 8 18 . 15 . 22 12 . . 7 5 12 7 Robot Miss Streak 13 | 3 10 4 . 4 5 11 3 3 6 1 6 5 13 6 5 1 . 6 3 3 2 2 3 5 . 2 . 3 11 . . 6 . 4 . Penetration Max 2 | . . . . . . . . 1 1 . . . . . . . . . . . . . 1 1 . . . . 2 . . 1 . 1 . Secondary Targets 78 | . 1 3 . . 5 15 5 4 4 . . 8 2 8 5 . . . . . . . 3 5 . . . . 9 . . 1 . . . Max Gunslinging Chain 2 | . 1 1 . . 1 2 1 1 1 . . 2 1 1 1 . . . . . . . 1 1 . . . . 1 . . 1 . . . Autonomous 39 | . . . . . . . . . . . . . . . 22 . . . . . . . . . . . . . 17 . . . . . . Shots Hit Robots 2715 | 8 82 22 . 18 172 177 194 135 74 6 69 100 157 98 178 6 . 78 17 106 4 6 75 163 . 143 . 140 304 28 . 117 11 12 15 Core Hits 1318 | 4 65 33 . 32 76 64 65 45 39 . 35 68 104 68 125 . . 30 5 15 . . 34 73 . 59 . 54 156 12 . 44 2 4 7 Critical Kills 21 | . . . . . . . . . . . . . . . . . . 2 . 1 . . 5 4 . 1 . . 7 . . 1 . . . Critical Parts Destroyed 24 | . . . . . . 1 1 4 2 . . . . . . . . . . . . . 2 6 . . . . 8 . . . . . . Critical Strikes 97 | . . . . . 7 2 1 6 3 . . 5 1 2 4 . . 5 . 1 . . 7 10 . 3 . 6 19 4 . 9 . . 2 Burn 11 | . . . . . . . . 1 1 . . 5 1 . 1 . . . . . . . . . . . . 2 . . . . . . . Meltdown 5 | . . . . . . . . . . . . . . . . . . 2 . 1 . . . 1 . 1 . . . . . . . . . Destroy 40 | . . . . . . 1 1 4 2 . . . . . . . . . . . . . 7 9 . . . . 15 . . 1 . . . Blast 10 | . . . . . . . . . . . . . . . 3 . . . . . . . . . . 1 . 2 4 . . . . . . Corrupt 4 | . . . . . 4 . . . . . . . . . . . . . . . . . . . . . . . . . . . . . . Sever 27 | . . . . . 3 1 . 1 . . . . . 2 . . . 3 . . . . . . . 1 . 2 . 4 . 8 . . 2 Melee Attacks 406 | . . . . . 36 28 23 7 . . . 16 1 20 . . . 7 . 49 1 . . 1 . 11 . 14 15 31 . 98 17 17 14 Impact . | . . . . . . . . . . . . . . . . . . . . . . . . . . . . . . . . . . . . Slashing 405 | . . . . . 36 28 23 7 . . . 16 1 20 . . . 7 . 49 1 . . 1 . 11 . 14 15 31 . 98 17 16 14 Piercing 1 | . . . . . . . . . . . . . . . . . . . . . . . . . . . . . . . . . . 1 . Sneak Attacks 41 | . . . . . 11 . 2 . . . . . 1 . . . . . . . . . . . . . . . 6 9 . 8 2 1 1 Combat Hostiles 1 | . . . . . . . . . . . . . . . . . . . . . . . . . . . . . . . . 1 . . . Follow-up Attacks . | . . . . . . . . . . . . . . . . . . . . . . . . . . . . . . . . . . . . Damage Inflicted 85227 | 98 1035 263 . 301 5760 3556 4644 2941 1917 . 2246 2311 3587 2704 8534 . . 2262 531 4392 . . 2020 4544 . 6393 . 5692 11365 1785 2 5042 429 304 569 Guns 40047 | 98 844 263 . 301 2262 2686 3628 2574 1645 . 292 2139 3483 1492 2547 . . . . . . . 1343 3150 . 779 . 1829 7592 . . 896 . 204 . Cannons 20558 | . 190 . . . 750 . . . 216 . 1953 . . . 3288 . . 1817 531 457 . . 677 1138 . 4206 . 2974 2318 . . . . . 43 Explosions 5111 | . . . . . 644 . . . . . . . . . 2699 . . . . . . . . 256 . 697 . . 815 . . . . . . Melee 19404 | . . . . . 2104 870 1016 345 . . . 172 104 1212 . . . 445 . 3935 . . . . . 711 . 889 640 1785 . 4146 426 100 504 Ramming 107 | . 1 . . . . . . 22 56 . 1 . . . . . . . . . . . . . . . . . . . 2 . 3 . 22 Kinetic 29002 | 61 243 . . . 858 2686 2629 1615 921 . . . . . 1618 . . . . . . . 1343 3150 . 1486 . 1455 9837 . . 896 . 204 . Thermal 30006 | 37 791 263 . 301 1057 . 999 959 940 . 2245 2139 3483 1353 4721 . . 1817 350 77 . . 509 1012 . 3489 . 3348 73 . . . . . 43 Explosive 3099 | . . . . . 217 . . . . . . . . . 2067 . . . . . . . . . . . . . 815 . . . . . . Electromagnetic 3609 | . . . . . 1524 . . . . . . . . 139 128 . . . 181 380 . . 168 382 . 707 . . . . . . . . . Impact . | . . . . . . . . . . . . . . . . . . . . . . . . . . . . . . . . . . . . Slashing 19404 | . . . . . 2104 870 1016 345 . . . 172 104 1212 . . . 445 . 3935 . . . . . 711 . 889 640 1785 . 4146 426 100 504 Piercing . | . . . . . . . . . . . . . . . . . . . . . . . . . . . . . . . . . . . . Highest Corruption 22 | . . . . . 2 5 7 10 1 13 16 16 22 22 . 18 18 18 18 18 . 10 10 1 1 11 . 1 14 . . 2 3 3 3 Average Corruption 10 | . . . . . 1 4 5 8 1 7 13 16 18 22 . 9 18 18 18 18 . 7 7 1 1 9 . 1 8 . . 2 2 3 3 Corruption Purged 10 | . . . . . . . . . . . . . . . . . . . . . . . 10 . . . . . . . . . . . . Corruption Blocked . | . . . . . . . . . . . . . . . . . . . . . . . . . . . . . . . . . . . . Effects 945 | . . . . . 15 56 37 47 2 8 76 66 139 39 . 4 10 59 28 105 . 6 41 2 . 97 . 12 76 . . 10 2 4 4 Message Errors 220 | . . . . . 4 10 6 11 . 1 15 15 33 10 . 1 1 14 8 22 . . 13 . . 29 . 3 20 . . 2 . . 2 Matter Fused 231 | . . . . . 5 14 8 10 . 2 25 16 31 9 . 2 4 14 4 22 . 1 6 1 . 26 . 2 20 . . 4 . 4 1 Heat Flow Errors 101 | . . . . . 2 5 5 9 . 2 5 12 16 1 . . 1 3 5 14 . . 6 . . 9 . 1 4 . . 1 . . . Energy Discharges 105 | . . . . . 1 6 7 6 1 2 7 7 12 8 . 1 2 7 . 16 . 2 2 . . 10 . 1 7 . . . . . . Parts Rejected 12 | . . . . . . . 1 . . . 1 . 5 . . . . . . 1 . . 1 . . 1 . . 1 . . . . . 1 Parts Fused 15 | . . . . . . 1 . . . . 2 1 . . . . . 1 . 3 . . 3 . . 1 . 1 2 . . . . . . Data Loss (minor) 106 | . . . . . 2 7 8 2 1 1 10 3 15 5 . . 1 9 3 7 . 2 5 . . 9 . 2 10 . . 2 2 . . Data Loss (major) 49 | . . . . . 1 4 . 3 . . 5 1 6 1 . . 1 2 2 10 . 1 3 1 . 4 . 1 3 . . . . . . Misfires 30 | . . . . . . 3 . 1 . . 1 4 5 4 . . . 3 1 3 . . . . . 4 . . 1 . . . . . . Alerts 23 | . . . . . . 3 2 1 . . . 2 1 . . . . 3 . 3 . . 1 . . 2 . 1 3 . . 1 . . . Misdirections 5 | . . . . . . . . . . . 1 . 2 . . . . . . 1 . . . . . . . . 1 . . . . . . Weapon Failures 48 | . . . . . . 3 . 4 . . 4 5 13 1 . . . 3 5 3 . . 1 . . 2 . . 4 . . . . . . Overload Shots . | . . . . . . . . . . . . . . . . . . . . . . . . . . . . . . . . . . . . Overflow Damage 2989 | . . . . . 596 115 54 . 7 . 99 35 . 269 115 . . 33 5 223 . . . 17 . 263 . 218 401 220 . 114 91 70 44 Projectiles 821 | . . . . . 2 . . . 7 . 99 . . . 105 . . 33 5 . . . . 17 . 210 . 161 182 . . . . . . Explosions 73 | . . . . . 48 . . . . . . . . . 10 . . . . . . . . . . 15 . . . . . . . . . Melee 2095 | . . . . . 546 115 54 . . . . 35 . 269 . . . . . 223 . . . . . 38 . 57 219 220 . 114 91 70 44 Knockbacks 31 | . . . . . 4 . . . 1 . . . . . 6 . . . . . . . . . . 1 . 2 17 . . . . . . Impact 1 | . . . . . . . . . 1 . . . . . . . . . . . . . . . . . . . . . . . . . . Kinetic 26 | . . . . . 4 . . . . . . . . . 6 . . . . . . . . . . 1 . 2 13 . . . . . . Secondary 4 | . . . . . . . . . . . . . . . . . . . . . . . . . . . . . 4 . . . . . . Self-Inflicted Damage 142 | . . . . . 49 . . . . . . . . . 24 . . . . . . . . . . 57 . . . . 1 . 1 . 10 Shots 5 | . . . . . 2 . . . . . . . . . 1 . . . . . . . . . . 2 . . . . . . . . . Rammed 12 | . 1 . . . . . . . . . . . . . . . . . . . . . . . . . . . . . 1 . 1 . 9 Targets Rammed 18 | . 1 . . . . . . 2 3 . 1 . . . . . . . . . . . . . . . . . . . 1 . 1 . 9 Kicked 6 | . . . . . . . . 2 3 . 1 . . . . . . . . . . . . . . . . . . . . . . . . Crushed . | . . . . . . . . . . . . . . . . . . . . . . . . . . . . . . . . . . . . Highest Temperature 570 | 45 312 258 . 231 570 258 379 329 254 172 483 335 232 180 341 . 194 377 312 256 88 . 490 326 . 451 . 395 394 19 . 186 4 . . Average Temperature 95 | 18 63 123 . 119 104 77 108 87 61 113 122 96 61 33 77 . 104 122 105 73 49 . 120 96 . 110 . 97 117 14 . 32 2 . . Received Heat Transfer 7137 | . 147 120 . 105 549 345 747 153 81 . 39 270 354 90 730 . . 411 42 57 17 6 45 423 . 438 . 162 1122 18 . 117 9 81 459 Effects 27 | . . . . 2 2 . 4 . . . 2 . . . . . . 4 2 . . . 6 . . 3 . . 2 . . . . . . Shutdowns 2 | . . . . . . . . . . . 1 . . . . . . . . . . . . . . . . . 1 . . . . . . Energy Bleed 4 | . . . . . . . 1 . . . . . . . . . . 1 . . . . 1 . . . . . 1 . . . . . . Interference 15 | . . . . 2 . . 3 . . . . . . . . . . 3 2 . . . 3 . . 2 . . . . . . . . . Short Circuit 3 | . . . . . . . . . . . 1 . . . . . . . . . . . 2 . . . . . . . . . . . . Damage (minor) 3 | . . . . . 2 . . . . . . . . . . . . . . . . . . . . 1 . . . . . . . . . Siege Activations . | . . . . . . . . . . . . . . . . . . . . . . . . . . . . . . . . . . . . Martial Activations . | . . . . . . . . . . . . . . . . . . . . . . . . . . . . . . . . . . . . Shielding Activations . | . . . . . . . . . . . . . . . . . . . . . . . . . . . . . . . . . . . . Robots Disrupted 1 | . . . . . . . . . . . . . . . 1 . . . . . . . . . . . . . . . . . . . . Combat Hostiles 1 | . . . . . . . . . . . . . . . 1 . . . . . . . . . . . . . . . . . . . . Robots Corrupted 10 | . . . . . 3 . . . . . . . . . . . . . . 1 . . 1 1 . 3 . . 1 . . . . . . Combat Hostiles 9 | . . . . . 2 . . . . . . . . . . . . . . 1 . . 1 1 . 3 . . 1 . . . . . . Parts Fried 13 | . . . . . 3 . . . . . . . . 1 1 . . . 3 1 . . 2 . . 2 . . . . . . . . . Impact Corruptions 1 | . . . . . . . . . . . . . . . . . . . . . . . . . . . . . 1 . . . . . . Robots Melted 11 | . . . . . . . . . . . . 1 2 . 2 . . 2 . 1 . . . 1 . 2 . . . . . . . . . Combat Hostiles 10 | . . . . . . . . . . . . 1 2 . 1 . . 2 . 1 . . . 1 . 2 . . . . . . . . . Parts Melted 102 | 1 1 1 . . 2 1 2 . 2 . 3 19 18 8 17 . . 8 . . . . . . . 8 . 10 1 . . . . . . Heat Transferred 42918 | 111 1167 345 . 380 1674 . 1656 1475 1517 . 2820 4720 7414 2786 5519 . . 1978 296 74 . . 518 1036 . 3517 . 3804 74 . . . . . 37 Parts Sabotaged 15 | . . . . . . . . . . . . . . . 8 . . . . . . . . . . . . . 5 . . 2 . . . Parts Stolen . | . . . . . . . . . . . . . . . . . . . . . . . . . . . . . . . . . . . . Parts Stripped . | . . . . . . . . . . . . . . . . . . . . . . . . . . . . . . . . . . . . Power Chain Reactions 12 | . . . . . 7 . 2 . . . . . . . 2 . . . . . . . . . . 1 . . . . . . . . . Alert | -11 -10 -10 -10 -9 -8 -8 -8 -8 -7 -7 -7 -7 -7 -7 -6 -6 -6 -6 -6 -6 -5 -5 -5 -5 -5 -5 -4 -4 -4 -3 -2 -2 -2 -2 -2 ------- Run | Yrd Mat Min Exi Min Mat Gar Mat Gar Fac Was Fac Gar Fac Gar Fac Was Fac Gar Fac Gar Fac Was Fac Gar Fac Gar Fac Gar Fac Res Res Gar Res Qua Frg Maximum Alert Level 5 | . . . . . 2 5 4 4 3 1 1 3 2 3 5 2 1 3 2 4 3 1 2 4 3 5 4 5 5 4 2 4 3 2 . Low Security (%) 19 | 100 100 100 . 100 54 . . . . . 78 13 1 . . . . 5 . . . . 90 . . . . . . . . . . 8 100 Level 1 11 | . . . . . 19 . . . . 100 21 10 35 . . . 100 18 52 28 . 100 7 5 . . . . . . . . . 85 . Level 2 19 | . . . . . 25 23 . 3 18 . . 46 62 35 46 100 . 24 47 21 23 . 2 31 . 5 . . 1 . 100 29 97 5 . Level 3 26 | . . . . . . 28 98 32 81 . . 29 . 64 27 . . 51 . 33 76 . . 38 100 19 . 25 28 98 . 56 2 . . Level 4 17 | . . . . . . 33 1 63 . . . . . . 17 . . . . 16 . . . 23 . 50 100 37 64 1 . 13 . . . Level 5 5 | . . . . . . 14 . . . . . . . . 8 . . . . . . . . . . 24 . 36 3 . . . . . . High Security . | . . . . . . . . . . . . . . . . . . . . . . . . . . . . . 1 . . . . . . Max Security . | . . . . . . . . . . . . . . . . . . . . . . . . . . . . . . . . . . . . Peak Influence 2315 | 5 107 136 . 60 657 1888 1103 1473 849 292 232 1046 692 1052 1625 532 316 973 510 1431 1049 359 416 1419 744 2315 1215 2163 1687 1100 589 1211 702 428 179 Initial 1215 | . . 36 . . . 427 920 649 772 292 141 116 548 445 552 532 316 146 510 217 751 359 174 284 744 520 1215 836 1135 1100 589 419 681 366 142 Average 720 | . 27 82 . 22 218 1107 912 1079 734 245 132 593 441 811 914 489 264 594 402 707 846 306 105 862 744 1366 1208 1469 1174 968 582 847 659 285 125 Influence Increases 24355 | 15 481 170 . 120 1376 1651 915 904 451 . 710 1020 1191 607 1680 . 23 937 138 1514 741 . 820 1255 . 2025 . 1497 1900 289 . 1092 181 378 274 Destroy 0b10 Robot/C 11835 | . 240 140 . 100 780 920 520 580 320 . 400 640 720 500 880 . . 400 60 360 240 . 500 720 . 720 . 700 810 75 . 405 15 15 75 Destroy 0b10 Robot/NC 804 | 15 45 . . . 125 10 40 10 25 . 45 5 50 15 65 . . 10 . 55 10 . 20 5 . 20 . 18 136 36 . 24 12 4 4 Destroy Leader 1682 | . 70 30 . 20 174 30 124 50 56 . 108 30 184 30 144 . . 30 30 20 52 . 96 50 . 60 . 60 156 22 . 32 8 8 8 Allied During Kill 995 | . . . . . . 80 . 23 . . 23 96 102 . . . . 14 33 138 248 . 31 46 . 37 . 14 22 . . 76 6 6 . Successful Hack 447 | . 35 . . . 32 23 10 . 17 . 14 21 28 14 36 . 6 23 4 . 51 . 9 24 . 20 . 8 26 10 . 12 5 . 19 Select Force Hacks 60 | . 60 . . . . . . . . . . . . . . . . . . . . . . . . . . . . . . . . . . Disable Machine 1194 | . . . . . 60 . 135 15 30 . 60 . 60 . 225 . 15 30 . 45 15 . 75 60 . 15 . 30 216 . . 36 . 60 12 Anti-Garrison Action 4191 | . . . . . . 500 . 200 . . . 150 . . 150 . . 300 . 800 . . . 200 . 1000 . 550 . . . 341 . . . Destroy Structure 1710 | . 1 . . . 70 43 71 11 3 . 45 63 17 3 90 . 2 55 11 96 80 . 44 75 . 78 . 102 486 2 . 118 63 69 12 Partial Spotted 165 | . . . . . . . . . . . 15 15 15 . . . . . . . . . . . . . . . 24 . . . 24 24 48 Lose Combat Pursuer 1272 | . 30 . . . 135 45 15 15 . . . . 15 45 90 . . 75 . . 45 . 45 75 . 75 . 15 24 144 . 48 48 192 96 Influence Decreases 24490 | 15 388 187 76 120 719 420 1804 430 1087 635 746 140 1600 192 1212 1068 266 173 801 393 1146 777 663 242 675 454 1120 529 2444 1110 490 440 740 776 412 Entered New Map 13199 | . . 57 76 . . 230 968 350 701 545 61 50 498 192 500 988 136 63 463 93 680 667 75 122 675 224 1100 359 1028 770 460 140 530 286 112 Time Decay 6446 | 15 378 130 . 100 499 . 526 . 386 70 500 . 692 . 522 60 120 . 278 . 286 100 548 . . . 20 . 636 160 10 . 130 160 120 Lost Part 1554 | . 10 . . 20 70 30 10 20 . . 14 30 30 . 190 . . 90 . . . . . 120 . 70 . 50 380 30 20 160 40 10 160 Lost Ally 1650 | . . . . . . 160 . 60 . 20 30 60 80 . . 20 10 20 60 300 180 10 40 . . 160 . 120 100 . . 140 40 20 20 Purge Threat 1641 | . . . . . 150 . 300 . . . 141 . 300 . . . . . . . . . . . . . . . 300 150 . . . 300 . Squads Dispatched 91 | . 3 . . . 10 . 7 . 3 . 5 . 12 . 11 . 1 . 2 . 2 . 4 . . . . . 18 5 1 . 3 3 1 Investigation 21 | . 2 . . . 5 . 1 . 1 . . . 4 . 1 . . . . . 1 . . . . . . . 4 . . . 1 1 . Extermination 24 | . . . . . . . . . 1 . 3 . 6 . 2 . 1 . 1 . 1 . 3 . . . . . 4 . . . 1 1 . Reinforcement 29 | . 1 . . . 1 . 4 . 1 . 2 . 2 . 4 . . . 1 . . . 1 . . . . . 4 4 1 . 1 1 1 Assault 15 | . . . . . 2 . 2 . . . . . . . 4 . . . . . . . . . . . . . 6 1 . . . . . Garrison 2 | . . . . . 2 . . . . . . . . . . . . . . . . . . . . . . . . . . . . . . Intercept . | . . . . . . . . . . . . . . . . . . . . . . . . . . . . . . . . . . . . Searches Triggered . | . . . . . . . . . . . . . . . . . . . . . . . . . . . . . . . . . . . . Construction Impeded 4 | . . . . . 1 . . . . . . . . . 2 . . . . . . . . . . . . . 1 . . . . . . Haulers Reinforced 3 | . . . . . . . . . . . . . . . . . . . . . . . . . . . . . 2 1 . . . . . Active Scanning Responses . | . . . . . . . . . . . . . . . . . . . . . . . . . . . . . . . . . . . . Cargo Convoy Interrupts 2 | . . . . . . . . . . . . . . . 1 . . . . . . . . . . . . . 1 . . . . . . Alert ID Control Effect 42 | . . . . . . . . . . . . . . . . . . 1 3 4 1 . 2 1 . 1 . 5 7 . . 6 1 10 . Stealth | -11 -10 -10 -10 -9 -8 -8 -8 -8 -7 -7 -7 -7 -7 -7 -6 -6 -6 -6 -6 -6 -5 -5 -5 -5 -5 -5 -4 -4 -4 -3 -2 -2 -2 -2 -2 --------- Run | Yrd Mat Min Exi Min Mat Gar Mat Gar Fac Was Fac Gar Fac Gar Fac Was Fac Gar Fac Gar Fac Was Fac Gar Fac Gar Fac Gar Fac Res Res Gar Res Qua Frg Distress Signals 23 | . 1 . . . 5 . 2 . 1 . 1 . 2 . 1 . . . . . . . 1 . . . . . 2 2 1 . 1 2 1 Communications Jammed 63 | . . . . . . . . . . . 9 . . . . . . . . . . . 12 26 . . . . 9 . . . . 7 . Distress Signals 63 | . . . . . . . . . . . 9 . . . . . . . . . . . 12 26 . . . . 9 . . . . 7 . Times Spotted 902 | . 26 7 . 5 51 50 34 20 24 6 33 32 45 25 67 6 1 30 7 30 12 5 34 42 . 44 . 47 82 28 6 39 5 26 33 Peak Tracking Total 17 | . 3 3 . 3 6 6 5 4 4 2 5 7 4 7 12 2 1 8 2 6 3 3 3 4 . 6 . 7 9 11 5 7 3 10 17 Tactical Retreats 54 | . 2 . . . 7 3 1 1 . . . . 1 1 6 . . 1 . . 2 . 2 4 . 3 . 1 2 6 . 3 2 3 3 Traps | -11 -10 -10 -10 -9 -8 -8 -8 -8 -7 -7 -7 -7 -7 -7 -6 -6 -6 -6 -6 -6 -5 -5 -5 -5 -5 -5 -4 -4 -4 -3 -2 -2 -2 -2 -2 ------- Run | Yrd Mat Min Exi Min Mat Gar Mat Gar Fac Was Fac Gar Fac Gar Fac Was Fac Gar Fac Gar Fac Was Fac Gar Fac Gar Fac Gar Fac Res Res Gar Res Qua Frg Traps Triggered 109 | . . . . . 6 19 2 5 1 . 3 10 4 6 1 . . 9 . 10 2 . . 8 . 6 . 6 2 1 . 4 2 1 1 Indirectly . | . . . . . . . . . . . . . . . . . . . . . . . . . . . . . . . . . . . . Trap Hack Attempts . | . . . . . . . . . . . . . . . . . . . . . . . . . . . . . . . . . . . . Triggered . | . . . . . . . . . . . . . . . . . . . . . . . . . . . . . . . . . . . . Disarmed . | . . . . . . . . . . . . . . . . . . . . . . . . . . . . . . . . . . . . Reprogrammed . | . . . . . . . . . . . . . . . . . . . . . . . . . . . . . . . . . . . . Reused . | . . . . . . . . . . . . . . . . . . . . . . . . . . . . . . . . . . . . Traps Extracted . | . . . . . . . . . . . . . . . . . . . . . . . . . . . . . . . . . . . . Installed . | . . . . . . . . . . . . . . . . . . . . . . . . . . . . . . . . . . . . Triggered . | . . . . . . . . . . . . . . . . . . . . . . . . . . . . . . . . . . . . Machines | -11 -10 -10 -10 -9 -8 -8 -8 -8 -7 -7 -7 -7 -7 -7 -6 -6 -6 -6 -6 -6 -5 -5 -5 -5 -5 -5 -4 -4 -4 -3 -2 -2 -2 -2 -2 ---------- Run | Yrd Mat Min Exi Min Mat Gar Mat Gar Fac Was Fac Gar Fac Gar Fac Was Fac Gar Fac Gar Fac Was Fac Gar Fac Gar Fac Gar Fac Res Res Gar Res Qua Frg Machines Disabled 121 | . . . . . 4 2 9 2 2 . 4 1 4 . 16 . 1 6 . 13 1 . 5 7 . 6 . 3 18 . . 11 . 5 1 Max in Single Turn 11 | . . . . . 2 1 2 1 1 . 1 1 . . 11 . 1 1 . 1 . . 1 1 . 1 . 1 3 . . 1 . 1 1 Garrison Access 4 | . . . . . . . . . 1 . . . . . 2 . . . . . . . . . . . . . 1 . . . . . . Garrison Relay 24 | . . . . . . 1 . 1 . . . 1 . . . . . 4 . 5 . . . 2 . 3 . 1 . . . 6 . . . Phase Generator 4 | . . . . . . 1 . . . . . . . . . . . . . 1 . . . . . 1 . . . . . 1 . . . Machines Repaired . | . . . . . . . . . . . . . . . . . . . . . . . . . . . . . . . . . . . . Machines Dismantled 4 | . . . . . . 1 . . . . . . . . . . . . . 1 . . . . . 1 . . . . . 1 . . . Machines Sabotaged . | . . . . . . . . . . . . . . . . . . . . . . . . . . . . . . . . . . . . Overloaded Fab Kills . | . . . . . . . . . . . . . . . . . . . . . . . . . . . . . . . . . . . . Hacking | -11 -10 -10 -10 -9 -8 -8 -8 -8 -7 -7 -7 -7 -7 -7 -6 -6 -6 -6 -6 -6 -5 -5 -5 -5 -5 -5 -4 -4 -4 -3 -2 -2 -2 -2 -2 --------- Run | Yrd Mat Min Exi Min Mat Gar Mat Gar Fac Was Fac Gar Fac Gar Fac Was Fac Gar Fac Gar Fac Was Fac Gar Fac Gar Fac Gar Fac Res Res Gar Res Qua Frg Machines Accessed 137 | . 10 . 2 . 9 3 11 3 7 . 13 4 17 1 5 . 2 3 4 1 1 . 6 2 1 3 1 1 10 2 1 3 5 3 3 Terminals 84 | . 7 . . . 5 3 7 3 4 . 9 4 9 1 1 . 1 3 1 1 1 . 2 2 . 3 . 1 6 1 . 3 2 1 3 Fabricators 13 | . . . . . . . . . 1 . 2 . 2 . 2 . . . 1 . . . 1 . . . . . 1 1 . . 2 . . Repair Stations 15 | . 1 . . . 1 . 1 . 1 . 1 . 3 . . . . . . . . . 1 . . . . . 3 . . . 1 2 . Recycling Units 5 | . 2 . . . 1 . 1 . . . . . . . . . . . . . . . 1 . . . . . . . . . . . . Scanalyzers 6 | . . . . . 1 . 1 . . . . . 2 . 1 . . . 1 . . . . . . . . . . . . . . . . Garrison Access 12 | . . . . . 1 . 1 . 1 . 1 . 1 . 1 . 1 . 1 . . . 1 . 1 . 1 . . . 1 . . . . Total Hacks 290 | . 27 . 2 . 29 5 29 7 11 . 19 5 30 1 13 . 4 5 12 2 4 . 12 4 1 8 1 1 19 6 1 5 11 8 8 Successful 121 | . 12 . 2 . 14 2 11 . 6 . 5 2 10 1 7 . 2 3 5 . 2 . 5 2 1 2 1 1 9 4 1 1 6 2 2 Failed 169 | . 15 . . . 15 3 18 7 5 . 14 3 20 . 6 . 2 2 7 2 2 . 7 2 . 6 . . 10 2 . 4 5 6 6 Catastrophic 48 | . 2 . . . 3 1 3 4 2 . 5 2 9 . 2 . . 1 3 . . . 1 . . . . . 5 . . 2 1 1 1 Database Lockouts . | . . . . . . . . . . . . . . . . . . . . . . . . . . . . . . . . . . . . Manual 73 | . 12 . 1 . 8 . 8 . 4 . 6 . 7 . 1 . 1 . 5 . . . 1 1 . 1 . . 11 1 . . 2 3 . Terminals 191 | . 20 . . . 20 5 22 7 6 . 15 5 13 1 2 . 3 5 5 2 4 . 5 4 . 8 . 1 12 4 . 5 5 4 8 Fabricators 25 | . . . . . . . . . 2 . 2 . 4 . 5 . . . 4 . . . 1 . . . . . 2 2 . . 3 . . Repair Stations 32 | . 3 . . . 1 . 1 . 2 . 1 . 8 . . . . . . . . . 4 . . . . . 5 . . . 3 4 . Recycling Units 9 | . 4 . . . 2 . 2 . . . . . . . . . . . . . . . 1 . . . . . . . . . . . . Scanalyzers 19 | . . . . . 5 . 3 . . . . . 4 . 5 . . . 2 . . . . . . . . . . . . . . . . Garrison Access 12 | . . . . . 1 . 1 . 1 . 1 . 1 . 1 . 1 . 1 . . . 1 . 1 . 1 . . . 1 . . . . Terminal Hacks 64 | . 8 . 2 . 7 2 7 . 2 . 3 2 3 1 . . . 3 1 . 2 . . 2 . 2 . 1 6 2 . 1 3 2 2 Record 2 | . . . 1 . . . . . . . . . . . . . . . . . . . . . . . . . . . . . . . 1 Part Schematic 3 | . 1 . . . 1 . . . . . 1 . . . . . . . . . . . . . . . . . . . . . . . . Robot Schematic 1 | . 1 . . . . . . . . . . . . . . . . . . . . . . . . . . . . . . . . . . Robot Analysis 3 | . 1 . . . 1 . . . . . . . . . . . . . . . 1 . . . . . . . . . . . . . . Prototype ID Bank 7 | . 3 . . . 1 . 2 . . . . . . . . . . . . . . . . . . . . . 1 . . . . . . Open Door 3 | . . . . . . 1 . . . . . 1 . . . . . 1 . . . . . . . . . . . . . . . . . Branch Access Points 3 | . . . . . 1 . . . . . . . . . . . . . . . . . . . . . . . . 1 . . 1 . . Emergency Access Points 7 | . 1 . . . . . . . 1 . . 1 . . . . . 1 . . . . . . . 1 . . 1 . . . . . 1 Terminal Index 1 | . . . . . . . . . . . . . . . . . . . . . 1 . . . . . . . . . . . . . . Scanalyzer Index 2 | . . . . . 1 . 1 . . . . . . . . . . . . . . . . . . . . . . . . . . . . Unreport Threat 11 | . . . . . 1 . 2 . . . 1 . 2 . . . . . . . . . . . . . . . 2 1 . . . 2 . Locate Traps 5 | . 1 . . . . . . . . . . . 1 . . . . . 1 . . . . . . . . . . . . . 2 . . Hauler Manifests 3 | . . . . . . . 2 . 1 . . . . . . . . . . . . . . . . . . . . . . . . . . Zone Layout 4 | . . . . . 1 . . . . . 1 . . . . . . . . . . . . . . . . . 2 . . . . . . Garrison Registry 4 | . . . . . . . . . . . . . . 1 . . . . . . . . . 1 . 1 . 1 . . . . . . . Patrol Navigation 2 | . . . . . . . . . . . . . . . . . . 1 . . . . . 1 . . . . . . . . . . . Security Stations 2 | . . . . . . 1 . . . . . . . . . . . . . . . . . . . . . . . . . 1 . . . Proto ID Catalog 1 | . . . 1 . . . . . . . . . . . . . . . . . . . . . . . . . . . . . . . . Fabricator Hacks 11 | . . . . . . . . . 1 . . . 2 . 2 . . . 3 . . . 1 . . . . . . 1 . . 1 . . Network Status 4 | . . . . . . . . . . . . . . . 1 . . . 1 . . . 1 . . . . . . 1 . . . . . Load Schematic 5 | . . . . . . . . . 1 . . . 1 . 1 . . . 1 . . . . . . . . . . . . . 1 . . Build 2 | . . . . . . . . . . . . . 1 . . . . . 1 . . . . . . . . . . . . . . . . Repair Station Hacks 6 | . 1 . . . . . . . . . . . 2 . . . . . . . . . 2 . . . . . . . . . 1 . . Scan Component 4 | . 1 . . . . . . . . . . . 2 . . . . . . . . . 1 . . . . . . . . . . . . Repair 1 | . . . . . . . . . . . . . . . . . . . . . . . 1 . . . . . . . . . . . . Refit 1 | . . . . . . . . . . . . . . . . . . . . . . . . . . . . . . . . . 1 . . Recycling Unit Hacks 1 | . . . . . . . 1 . . . . . . . . . . . . . . . . . . . . . . . . . . . . Retrieve Components 1 | . . . . . . . 1 . . . . . . . . . . . . . . . . . . . . . . . . . . . . Scanalyzer 10 | . . . . . 5 . 1 . . . . . 1 . 3 . . . . . . . . . . . . . . . . . . . . Insert Component 6 | . . . . . 2 . 1 . . . . . 1 . 2 . . . . . . . . . . . . . . . . . . . . Analyze 4 | . . . . . 3 . . . . . . . . . 1 . . . . . . . . . . . . . . . . . . . . Garrison Access Hacks 12 | . . . . . 1 . 1 . 1 . 1 . 1 . 1 . 1 . 1 . . . 1 . 1 . 1 . . . 1 . . . . Unlock Access 10 | . . . . . 1 . 1 . . . 1 . 1 . . . 1 . 1 . . . 1 . 1 . 1 . . . 1 . . . . Seal Access 2 | . . . . . . . . . 1 . . . . . 1 . . . . . . . . . . . . . . . . . . . . Unauthorized Hacks 17 | . 3 . . . 1 . 1 . 2 . 1 . 1 . 1 . 1 . . . . . 1 . . . . . 3 1 . . 1 . . Terminals 2 | . 1 . . . . . . . . . . . . . . . 1 . . . . . . . . . . . . . . . . . . Assimilate 2 | . 1 . . . . . . . . . . . . . . . 1 . . . . . . . . . . . . . . . . . . Fabricators 5 | . . . . . . . . . 1 . 1 . . . 1 . . . . . . . . . . . . . 1 1 . . . . . Liberate 1 | . . . . . . . . . . . 1 . . . . . . . . . . . . . . . . . . . . . . . . Haulers 1 | . . . . . . . . . . . . . . . . . . . . . . . . . . . . . . 1 . . . . . Recompile 3 | . . . . . . . . . 1 . . . . . 1 . . . . . . . . . . . . . 1 . . . . . . Repair Stations 7 | . . . . . 1 . 1 . 1 . . . 1 . . . . . . . . . . . . . . . 2 . . . 1 . . Mechanics 1 | . . . . . . . . . 1 . . . . . . . . . . . . . . . . . . . . . . . . . . Patch 6 | . . . . . 1 . 1 . . . . . 1 . . . . . . . . . . . . . . . 2 . . . 1 . . Recycling Units 3 | . 2 . . . . . . . . . . . . . . . . . . . . . 1 . . . . . . . . . . . . Reject 1 | . . . . . . . . . . . . . . . . . . . . . . . 1 . . . . . . . . . . . . Tunnel 2 | . 2 . . . . . . . . . . . . . . . . . . . . . . . . . . . . . . . . . . Scanalyzers . | . . . . . . . . . . . . . . . . . . . . . . . . . . . . . . . . . . . . Garrison Access . | . . . . . . . . . . . . . . . . . . . . . . . . . . . . . . . . . . . . Data Cores Recovered 3 | . 1 . . . . . 1 . . . 1 . . . . . . . . . . . . . . . . . . . . . . . . Used 3 | . 1 . . . . . 1 . . . 1 . . . . . . . . . . . . . . . . . . . . . . . . Hacking Detections 115 | . 8 . . . 8 2 9 3 5 . 12 3 17 1 3 . 1 3 3 1 1 . 4 2 . 3 . . 9 2 1 3 5 3 3 Full Trace Events 14 | . . . . . 3 . 1 1 . . . . 3 . . . . . . . 1 . . . . 2 . . 1 . . 1 . 1 . Feedback Events 4 | . . . . . 1 . . 1 . . . . 1 . . . . . . . . . . . . 1 . . . . . . . . . Corruption 4 | . . . . . 1 . . 1 . . . . 1 . . . . . . . . . . . . 1 . . . . . . . . . Feedback Blocked . | . . . . . . . . . . . . . . . . . . . . . . . . . . . . . . . . . . . . Robot Schematics Acquired 1 | . 1 . . . . . . . . . . . . . . . . . . . . . . . . . . . . . . . . . . Robots Built . | . . . . . . . . . . . . . . . . . . . . . . . . . . . . . . . . . . . . Authchips . | . . . . . . . . . . . . . . . . . . . . . . . . . . . . . . . . . . . . Time . | . . . . . . . . . . . . . . . . . . . . . . . . . . . . . . . . . . . . Total Robot Build Rating . | . . . . . . . . . . . . . . . . . . . . . . . . . . . . . . . . . . . . Part Schematics Acquired 6 | . 1 . . . 3 . . . . . 1 . . . 1 . . . . . . . . . . . . . . . . . . . . Parts Built 4 | . . . . . . . . . . . . . 2 . . . . . 2 . . . . . . . . . . . . . . . . Authchips 1 | . . . . . . . . . . . . . . . . . . . 1 . . . . . . . . . . . . . . . . Time 126 | . . . . . . . . . . . . . 84 . . . . . 42 . . . . . . . . . . . . . . . . Total Part Build Rating 16 | . . . . . . . . . . . . . 8 . . . . . 8 . . . . . . . . . . . . . . . . Parts Repaired 1 | . . . . . . . . . . . . . . . . . . . . . . . 1 . . . . . . . . . . . . Time 44 | . . . . . . . . . . . . . . . . . . . . . . . 44 . . . . . . . . . . . . Parts Recycled . | . . . . . . . . . . . . . . . . . . . . . . . . . . . . . . . . . . . . Recycled Matter . | . . . . . . . . . . . . . . . . . . . . . . . . . . . . . . . . . . . . Retrieved Matter . | . . . . . . . . . . . . . . . . . . . . . . . . . . . . . . . . . . . . Retrieved Components 3 | . . . . . . . 3 . . . . . . . . . . . . . . . . . . . . . . . . . . . . Parts Scanalyzed 6 | . . . . . 2 . 1 . . . . . 1 . 2 . . . . . . . . . . . . . . . . . . . . Part Schematics Acquired 3 | . . . . . 2 . . . . . . . . . 1 . . . . . . . . . . . . . . . . . . . . Parts Damaged . | . . . . . . . . . . . . . . . . . . . . . . . . . . . . . . . . . . . . Bothacking | -11 -10 -10 -10 -9 -8 -8 -8 -8 -7 -7 -7 -7 -7 -7 -6 -6 -6 -6 -6 -6 -5 -5 -5 -5 -5 -5 -4 -4 -4 -3 -2 -2 -2 -2 -2 ------------ Run | Yrd Mat Min Exi Min Mat Gar Mat Gar Fac Was Fac Gar Fac Gar Fac Was Fac Gar Fac Gar Fac Was Fac Gar Fac Gar Fac Gar Fac Res Res Gar Res Qua Frg Used RIF Installer 10 | . . . . . . 1 . 1 . . . 1 . 1 . . . 1 . 1 . . . 1 . 1 . 1 . . . 1 . . . Coupler Efficiency 1 | . . . . . . . . . . . . . . . . . . 1 . . . . . . . . . . . . . . . . . Hotswap 1 | . . . . . . . . . . . . 1 . . . . . . . . . . . . . . . . . . . . . . . Threat Obfuscator 1 | . . . . . . . . . . . . . . . . . . . . . . . . . . . . 1 . . . . . . . Signal Jammer 1 | . . . . . . . . 1 . . . . . . . . . . . . . . . . . . . . . . . . . . . Zone Cloak 1 | . . . . . . . . . . . . . . . . . . . . 1 . . . . . . . . . . . . . . . Alert ID Control 1 | . . . . . . . . . . . . . . 1 . . . . . . . . . . . . . . . . . . . . . Structural Interface 1 | . . . . . . . . . . . . . . . . . . . . . . . . . . . . . . . . 1 . . . Autooverride 1 | . . . . . . . . . . . . . . . . . . . . . . . . . . 1 . . . . . . . . . Autoassimilate 1 | . . . . . . . . . . . . . . . . . . . . . . . . 1 . . . . . . . . . . . Robots Hacked 118 | . . . . . . 1 . 1 1 6 1 . . . 1 5 . 8 3 23 2 6 12 3 . 9 . 8 7 . . 11 3 4 3 Non-combat 23 | . . . . . . . . . 1 . 1 . . . 1 . . . . . 2 . 9 . . . . . 4 . . . 3 1 1 Combat 95 | . . . . . . 1 . 1 . 6 . . . . . 5 . 8 3 23 . 6 3 3 . 9 . 8 3 . . 11 . 3 2 Autooverrided 4 | . . . . . . . . . . . . . . . . . . . . . . . . . . 1 . . . . . 3 . . . Robot Hacks Applied 125 | . . . . . . 1 . 1 1 6 1 . . . 1 7 . 8 3 24 2 8 12 4 . 9 . 9 8 . . 10 3 4 3 parse_system 9 | . . . . . . . . . . . . . . . . 1 . . . 2 . 1 . 2 . 1 . . 1 . . . . . 1 find_chute 3 | . . . . . . . . . 1 . . . . . 1 . . . . . 1 . . . . . . . . . . . . . . drop_inventory 8 | . . . . . . . . . . . . . . . . . . . . . . . 3 . . . . . 1 . . . 3 1 . ignore_parts 5 | . . . . . . . . . . . . . . . . . . . . . . . 5 . . . . . . . . . . . . block_reporting 1 | . . . . . . . . . . . . . . . . . . . . . . . . . . . . . . . . . . . 1 mark_security 1 | . . . . . . . . . . . . . . . . . . . . . . . 1 . . . . . . . . . . . . disable_scanner 1 | . . . . . . . . . . . . . . . . . . . . . . . . . . . . . . . . . . 1 . ignore_targets 18 | . . . . . . . . . . 6 . . . . . 5 . . . . . 7 . . . . . . . . . . . . . reboot_propulsion 1 | . . . . . . . . . . . . . . . . . . . . . . . . . . . . 1 . . . . . . . link_complan 1 | . . . . . . . . . . . . . . . . . . 1 . . . . . . . . . . . . . . . . . overload_power 1 | . . . . . . . . . . . . . . . . 1 . . . . . . . . . . . . . . . . . . . amplify_resonance 5 | . . . . . . . . . . . . . . . . . . 1 1 1 . . . . . . . . . . . 2 . . . disable_weapons 1 | . . . . . . . . . . . . . . . . . . . . . . . . . . . . . . . . 1 . . . reboot_system 8 | . . . . . . . . . . . . . . . . . . . 1 2 . . 1 . . 2 . 2 . . . . . . . streamctrl_high 1 | . . . . . . . . . . . . . . . . . . 1 . . . . . . . . . . . . . . . . . formatsys_low 5 | . . . . . . . . . . . 1 . . . . . . . . . 1 . . . . . . . 3 . . . . . . formatsys_high 56 | . . . . . . 1 . 1 . . . . . . . . . 5 1 19 . . 2 2 . 6 . 6 3 . . 7 . 2 1 Relay Couplers Released 110 | . . . . . . 7 . 5 . . . 8 . . 2 . . 16 . 20 . . . 10 . 13 . 4 . . . 25 . . . Machine Destruction 104 | . . . . . . 4 . 5 . . . 5 . . 2 . . 16 . 20 . . . 10 . 13 . 4 . . . 25 . . . Programmers 6 | . . . . . . 3 . . . . . 3 . . . . . . . . . . . . . . . . . . . . . . . Attached 48 | . . . . . . 1 . 1 . 1 . . . . . 1 . 7 . 8 1 . 2 2 . 4 . 5 2 . . 13 . . . Fabnet Peak Effective % . | . . . . . . . . . . . . . . . . . . . . . . . . . . . . . . . . . . . . Robots Rewired 30 | . . . . . . 6 . 2 . . . 3 . . . . . 3 . 13 1 . . 1 . . . . . . . 1 . . . Allies Hacked 2 | . . . . . . . . . . . . . . . . . . . . . . . . . . . . . 1 . . . . 1 . Hacks Repelled . | . . . . . . . . . . . . . . . . . . . . . . . . . . . . . . . . . . . . Allies | -11 -10 -10 -10 -9 -8 -8 -8 -8 -7 -7 -7 -7 -7 -7 -6 -6 -6 -6 -6 -6 -5 -5 -5 -5 -5 -5 -4 -4 -4 -3 -2 -2 -2 -2 -2 -------- Run | Yrd Mat Min Exi Min Mat Gar Mat Gar Fac Was Fac Gar Fac Gar Fac Was Fac Gar Fac Gar Fac Was Fac Gar Fac Gar Fac Gar Fac Res Res Gar Res Qua Frg Total Allies 108 | . . . . . . 8 . 3 . 1 4 5 . . . 1 1 10 1 32 2 . 2 3 . 7 . 6 6 . . 13 . 2 1 Largest Group 16 | . . . . . . 6 . 3 . 1 3 5 4 . . 1 1 7 7 16 16 3 2 3 3 3 1 2 2 . . 5 2 1 1 Highest-Rated Group 550 | . . . . . . 90 . 70 . 31 48 265 225 . . 31 10 223 223 550 550 88 81 217 217 217 41 105 139 . . 386 149 344 64 Highest-Rated Ally 344 | . . . . . . 25 . 40 . 31 16 95 86 . . 31 10 46 46 85 85 32 49 119 119 119 41 58 116 . . 148 85 344 64 Total Orders 11 | . . . . . . . . . . . 1 . . . . . . . . . 1 . . 3 . 2 . . 4 . . . . . . STAY 5 | . . . . . . . . . . . . . . . . . . . . . . . . 2 . 1 . . 2 . . . . . . FOLLOW 3 | . . . . . . . . . . . . . . . . . . . . . . . . 1 . 1 . . 1 . . . . . . AID 3 | . . . . . . . . . . . 1 . . . . . . . . . 1 . . . . . . . 1 . . . . . . Ally Attacks 755 | . . . . . . 37 . 27 . 20 7 52 29 . . 7 . 14 20 143 91 44 20 5 . 34 . 38 33 . . 79 13 38 4 Total Damage 21967 | . . . . . . 880 . 647 . 234 50 779 884 . . 86 . 301 338 3604 2584 1758 622 178 . 714 . 1200 1568 . . 3027 467 1911 135 Kills 126 | . . . . . . 7 . 8 . . 1 7 10 . . . . 2 3 21 19 2 5 1 . 2 . 5 8 . . 13 2 10 . Allies Corrupted 3 | . . . . . . . . 1 . . . . . . . . . . . . . . 1 . . . . . . . . . . 1 . Allies Melted 2 | . . . . . . . . 1 . . . . . . . . . . . . . . . . . 1 . . . . . . . . . Intel | -11 -10 -10 -10 -9 -8 -8 -8 -8 -7 -7 -7 -7 -7 -7 -6 -6 -6 -6 -6 -6 -5 -5 -5 -5 -5 -5 -4 -4 -4 -3 -2 -2 -2 -2 -2 ------- Run | Yrd Mat Min Exi Min Mat Gar Mat Gar Fac Was Fac Gar Fac Gar Fac Was Fac Gar Fac Gar Fac Was Fac Gar Fac Gar Fac Gar Fac Res Res Gar Res Qua Frg Active Infowar (turns) 11106 | 57 981 . . . . . 1 . . . . . 1 . 543 135 259 75 174 68 586 206 1616 1072 10 2248 44 668 1629 82 22 574 54 1 . Optics 279 | . . . . . . . . . . . . . . . . . . . . . . . . . . . . . 279 . . . . . . Sensors 161 | . . . . . . . . . . . . . . . . . 126 35 . . . . . . . . . . . . . . . . . IFF 3839 | . . . . . . . . . . . . . . . 543 135 259 75 173 68 586 206 420 . . . . . 1350 . 7 17 . . . Terrain 3 | . . . . . . . . . . . . . . . . . . . 3 . . . . . . . . . . . . . . . . Structural 1 | . . . . . . . 1 . . . . . . . . . . . . . . . . . . . . . . . . . . . . Seismic 1039 | 57 981 . . . . . . . . . . . . . . . . . . . . . . . . . . . . . . . . 1 . T.N.C. 226 | . . . . . . . . . . . . . . . . . . . . . . . . . . . . . . 81 22 123 . . . Spoofing 2 | . . . . . . . . . . . . . 1 . . . . . . . . . . . . . . . . . . 1 . . . Jamming 5814 | . . . . . . . . . . . . . . . . . . . . . . . 1266 1072 10 2248 44 668 . 2 . 450 54 . . Robot Analysis Total 3 | . 1 . . . 1 . . . . . . . . . . . . . . . 1 . . . . . . . . . . . . . . Derelict Logs Recovered . | . . . . . . . . . . . . . . . . . . . . . . . . . . . . . . . . . . . . Drone Launches . | . . . . . . . . . . . . . . . . . . . . . . . . . . . . . . . . . . . . Drone Recoveries . | . . . . . . . . . . . . . . . . . . . . . . . . . . . . . . . . . . . . Exploration | -11 -10 -10 -10 -9 -8 -8 -8 -8 -7 -7 -7 -7 -7 -7 -6 -6 -6 -6 -6 -6 -5 -5 -5 -5 -5 -5 -4 -4 -4 -3 -2 -2 -2 -2 -2 ------------- Run | Yrd Mat Min Exi Min Mat Gar Mat Gar Fac Was Fac Gar Fac Gar Fac Was Fac Gar Fac Gar Fac Was Fac Gar Fac Gar Fac Gar Fac Res Res Gar Res Qua Frg Turns Passed 40196 | 180 2000 276 822 246 2873 2301 1476 1259 918 155 1935 1331 2832 843 1449 135 259 1329 612 2401 620 206 1620 1443 10 2769 44 2646 2290 322 22 1723 275 334 240 Spaces Moved 21329 | 90 791 92 341 82 1124 1197 766 668 519 93 1148 663 1566 420 735 92 180 723 352 1220 325 86 671 620 6 1130 19 657 830 465 55 2277 524 417 385 Core 204 | 8 . . . . . . . . . . . . . . . . . . . . . . . . . . . . 13 80 . 27 . . 76 Treads 1891 | 82 791 92 341 82 42 5 . . . . . . . . . . . . . . . . . . . . . 456 . . . . . . . Legs 2090 | . . . . . . . 465 668 519 93 311 . . . . . . . . . . . . . . . . 34 . . . . . . . Wheels 13199 | . . . . . 1082 1192 301 . . . 837 663 1566 420 735 92 180 723 352 1220 325 86 671 620 6 1130 19 167 812 . . . . . . Hover 5 | . . . . . . . . . . . . . . . . . . . . . . . . . . . . . 5 . . . . . . Flight 3940 | . . . . . . . . . . . . . . . . . . . . . . . . . . . . . . 385 55 2250 524 417 309 Fastest Speed 19 | 50 160 240 240 240 125 125 120 150 150 150 140 140 130 140 110 130 129 120 125 125 155 155 155 145 160 146 209 209 50 32 32 19 19 29 32 Average Speed 140 | 150 210 240 240 240 177 144 144 150 150 150 142 151 150 140 135 130 130 133 127 145 161 155 161 158 160 197 209 349 181 44 32 29 31 33 36 Slowest Speed 1116 | 160 240 240 240 240 260 560 150 150 150 150 150 160 160 145 210 130 150 150 135 155 170 155 170 190 160 330 209 800 1116 125 32 250 106 114 250 Overloaded Moves . | . . . . . . . . . . . . . . . . . . . . . . . . . . . . . . . . . . . . Propulsion Burnouts . | . . . . . . . . . . . . . . . . . . . . . . . . . . . . . . . . . . . . Robots Hopped 23 | . . . . . . . . . . . . . . . . . . . . . . . . . . . . . . 2 1 6 1 8 5 Potential Cave-ins . | . . . . . . . . . . . . . . . . . . . . . . . . . . . . . . . . . . . . Cave-ins Triggered . | . . . . . . . . . . . . . . . . . . . . . . . . . . . . . . . . . . . . Exploration Rate (%) 45 | 7 94 17 69 22 64 94 73 78 16 73 42 85 41 52 17 79 7 79 10 88 9 64 21 67 1 92 1 74 25 15 2 91 22 41 16 Regions Visited 35 Branch Regions 5 Pre-discovered Areas 3 | . 2 . 1 . . . . . . . . . . . . . . . . . . . . . . . . . . . . . . . . Known Exits Taken 11 | . . . . . 1 . 1 . . . 1 . 1 . . . 1 . 1 . . . 1 . 1 . 1 . . . 1 . 1 . . Unknown Exits Taken 8 | 1 1 1 1 1 . . . . . . . . . . . . . . . . . . . . . . . . 1 1 . . . 1 . Scrap Searched . | . . . . . . . . . . . . . . . . . . . . . . . . . . . . . . . . . . . . Spaces Dug 104 | . . . . . . 8 2 1 . . 3 1 . 3 . . 2 2 14 15 1 . . . . . . 1 12 1 . 14 13 8 3 Terrain Destroyed 778 | . . . . . 75 8 81 1 1 . 42 1 . 3 107 . 2 14 16 16 1 . 25 14 . 34 . 33 263 1 . 15 13 9 3 Melee 63 | . . . . . . 8 2 1 . . . 1 . 3 . . . . . 8 1 . . . . . . . 7 1 . 14 10 6 1 Projectile 423 | . . . . . 17 . 23 . 1 . 42 . . . 23 . 2 14 16 8 . . 24 14 . 29 . 33 168 . . 1 3 3 2 AOE 290 | . . . . . 58 . 56 . . . . . . . 84 . . . . . . . . . . 5 . . 87 . . . . . . Terrain Rammed . | . . . . . . . . . . . . . . . . . . . . . . . . . . . . . . . . . . . . Walls Destroyed . | . . . . . . . . . . . . . . . . . . . . . . . . . . . . . . . . . . . . Machines Disabled . | . . . . . . . . . . . . . . . . . . . . . . . . . . . . . . . . . . . . Actions | -11 -10 -10 -10 -9 -8 -8 -8 -8 -7 -7 -7 -7 -7 -7 -6 -6 -6 -6 -6 -6 -5 -5 -5 -5 -5 -5 -4 -4 -4 -3 -2 -2 -2 -2 -2 --------- Run | Yrd Mat Min Exi Min Mat Gar Mat Gar Fac Was Fac Gar Fac Gar Fac Was Fac Gar Fac Gar Fac Was Fac Gar Fac Gar Fac Gar Fac Res Res Gar Res Qua Frg Total 28461 | 115 1018 125 348 112 1810 1580 978 811 600 105 1339 857 1850 563 1039 104 202 968 476 1668 415 155 1125 917 6 1509 22 890 1350 538 57 3150 620 579 460 Wait 2461 | . 128 20 . 15 424 68 47 31 14 . 68 19 123 18 46 . 4 19 32 94 44 60 289 49 . 46 . 13 158 5 1 476 37 98 15 Move 21267 | 89 790 91 340 81 1123 1196 766 667 519 92 1148 662 1565 419 735 91 179 722 352 1219 325 85 671 619 6 1129 19 656 829 461 53 2267 522 403 376 Hop 15 | . . . . . . . . . . . . . . . . . . . . . . . . . . . . . . 1 1 3 1 5 4 Pick Up 423 | 9 19 1 3 1 43 26 13 6 6 2 10 2 13 4 38 2 6 22 7 29 4 1 25 27 . 34 1 16 38 3 . 4 1 5 2 Fast Attach 433 | 7 2 . . . 26 3 18 4 7 . 19 4 31 6 30 1 2 22 15 20 12 . 14 12 . 35 1 19 22 23 2 62 4 7 3 Attach 181 | . . . . 2 12 9 3 1 2 . 3 2 3 . 33 2 2 8 1 6 1 . 8 6 . 14 1 12 23 2 . 5 8 8 4 Detach 53 | . . . . . 1 . 3 . . . . 1 . . 12 . . 2 . 2 . . . 1 . 4 . 3 2 . . 4 9 6 3 Swap 480 | 1 9 . . 2 29 32 21 14 3 2 21 20 10 18 27 . 1 23 6 27 6 . 34 24 . 42 . 13 44 1 . 38 4 4 4 Drop 667 | 1 10 1 5 1 46 32 29 10 12 2 25 5 36 11 43 . 5 31 22 38 15 1 34 27 . 66 . 29 42 10 . 58 10 9 1 Fire 1472 | 8 59 12 . 10 70 90 55 47 34 7 44 45 60 27 75 8 3 71 41 105 7 8 50 95 . 88 . 97 161 1 . 62 7 18 7 Melee 405 | . . . . . 36 28 23 7 . . . 16 1 20 . . . 7 . 49 1 . . 1 . 11 . 14 15 31 . 98 17 16 14 Ram 9 | . . . . . . . . . . . . . . . . . . . . . . . . . . . . . . . . . . . 9 Kick 6 | . . . . . . . . 2 3 . 1 . . . . . . . . . . . . . . . . . . . . . . . . Crush 1 | . 1 . . . . . . . . . . . . . . . . . . . . . . . . . . . . . . . . . . Escape Stasis 543 | . . . . . . 83 . 20 . . . 80 8 40 . . . 40 . 70 . . . 55 . 31 . 18 16 . . 64 . . 18 Rewire 5 | . . . . . . . . 2 . . . 1 . . . . . 1 . . . . . 1 . . . . . . . . . . . Trap . | . . . . . . . . . . . . . . . . . . . . . . . . . . . . . . . . . . . . Miscellaneous 40 | . . . . . . 13 . . . . . . . . . . . . . 9 . . . . . 9 . . . . . 9 . . . Route ------- -11/Scrapyard -10/Materials (discovered 4 exits: [*Mat x3] / [*Min]) -10/Mines (discovered 2 exits: [*Mat] / *Exi) -10/Exiles -9/Mines -8/Materials (discovered 2 exits: *Fac / Gar) -8/Garrison (discovered 3 exits: *Mat x3) -8/Materials (discovered 3 exits: *Fac x2 / Gar) -8/Garrison (discovered 3 exits: *Fac x3) -7/Factory (discovered 2 exits: *Fac / [*Low]) -7/Waste -7/Factory (discovered 3 exits: *Fac / [*Sto] / Gar) -7/Garrison (discovered 3 exits: *Fac x3) -7/Factory (discovered 5 exits: *Fac x2 / [*Sto x2] / Gar) -7/Garrison (discovered 3 exits: *Fac x3) -6/Factory -6/Waste -6/Factory -6/Garrison (discovered 4 exits: *Fac x4) -6/Factory (discovered 2 exits: [*Ext] / Gar) -6/Garrison (discovered 3 exits: *Fac x3) -5/Factory -5/Waste -5/Factory (discovered 2 exits: *Fac / Gar) -5/Garrison (discovered 3 exits: *Fac x3) -5/Factory -5/Garrison (discovered 3 exits: *Fac x3) -4/Factory -4/Garrison (discovered 3 exits: *Fac x3) -4/Factory (discovered 2 exits: *Res / [*Upp]) -3/Research (discovered 3 exits: *Res / Tes x2) -2/Research -2/Garrison (discovered 3 exits: *Res x3) -2/Research (discovered 2 exits: *Qua x2) -2/Quarantine (discovered 3 exits: [*Acc] / [*Sec] / *Frg) -2/Protoforge History --------- Turn | Location | Event 12 | -11/Scrapyard | Discovered new exit (range 16) 181 | -11/Scrapyard | Entered Materials 314 | -10/Materials | Build established: Mutant 673 | -10/Materials | Discovered new exit (range 6) 1024 | -10/Materials | Discovered new exit (range 3) 1453 | -10/Materials | Discovered new exit (range 16) 1610 | -10/Materials | Discovered new exit (range 8) 2181 | -10/Materials | Entered Mines 2184 | -10/Mines | Core integrity fell below 50% 2266 | -10/Mines | Discovered new exit (range 4) 2448 | -10/Mines | Deemed a non-threat by the Exiles lab entrance 2448 | -10/Mines | Discovered new exit (range 5) 2457 | -10/Mines | Entered Exiles 2517 | -10/Exiles | Met 8R-AWN 2556 | -10/Exiles | Met EX-HEX 2671 | -10/Exiles | Met EX-DEC 2719 | -10/Exiles | Learned location of Zion (-6) 2791 | -10/Exiles | Discovered new exit (range 14) 2925 | -10/Exiles | Met EX-BIN 2959 | -10/Exiles | Aligned with FarCom system 2961 | -10/Exiles | Given EX-Vault access code 3021 | -10/Exiles | Opened EX-Vault 3037 | -10/Exiles | Found AWS/Autocannon 3041 | -10/Exiles | Found Longsword +1 3048 | -10/Exiles | Found Skeleton Box 3097 | -10/Exiles | Warned to stay clear of 0b10 Research branches 3279 | -10/Exiles | Stole three prototypes: Skeleton Box, AWS/Autocannon, Longsword +1 3279 | -10/Exiles | Entered Mines 3299 | -9/Mines | Core integrity fell below 20% 3434 | -9/Mines | Discovered new exit (range 13) 3525 | -9/Mines | Entered Materials 3525 | -8/Materials | Evolved 4 slots: Propulsion x1, Utility x1, Weapon x2 3817 | -8/Materials | Build established: Skirmisher 4163 | -8/Materials | Discovered new exit (range 16) 5154 | -8/Materials | Lost 4 parts (2n2w) 5596 | -8/Materials | Build established: Scavenger-Skirmisher 6235 | -8/Materials | Garrison activated, responded to threat 6325 | -8/Materials | First assault squad dispatched 6385 | -8/Materials | Identified exit to Garrison 6398 | -8/Materials | Entered Garrison 6442 | -8/Garrison | Triggered checkpoint 6550 | -8/Garrison | Rescued a captive Derelict 6646 | -8/Garrison | Triggered checkpoint 6664 | -8/Garrison | Triggered checkpoint 6740 | -8/Garrison | Build established: Skirmisher 6931 | -8/Garrison | Triggered checkpoint 7040 | -8/Garrison | Triggered checkpoint 7074 | -8/Garrison | Triggered checkpoint 7171 | -8/Garrison | Learned Materials security intel 7407 | -8/Garrison | Discovered new exit (range 14) 7576 | -8/Garrison | Triggered checkpoint 7716 | -8/Garrison | Triggered checkpoint 7849 | -8/Garrison | Discovered new exit (range 3) 7877 | -8/Garrison | Build established: Scavenger-Skirmisher 7929 | -8/Garrison | Spotted B-75 Beast 7943 | -8/Garrison | Allies destroyed B-75 Beast 7973 | -8/Garrison | Lost 3 allies 8008 | -8/Garrison | Phase Generator disabled 8084 | -8/Garrison | Installed Relay Interface Framework 8158 | -8/Garrison | Triggered checkpoint 8346 | -8/Garrison | Triggered checkpoint 8417 | -8/Garrison | Garrison Relay disabled 8458 | -8/Garrison | Discovered new exit (range 10) 8699 | -8/Garrison | Entered Materials 9099 | -8/Materials | First assault squad dispatched 9169 | -8/Materials | Met 7R-MNS 9194 | -8/Materials | Discovered new exit (range 15) 9198 | -8/Materials | Attacked by 7R-MNS 9212 | -8/Materials | Core integrity fell below 50% 9238 | -8/Materials | 7R-MNS lamented failing the tripod run 9238 | -8/Materials | Destroyed 7R-MNS 9249 | -8/Materials | Found Prototype Device 9249 | -8/Materials | Identified Multitargeting Array 9260 | -8/Materials | Found Prototype Leg 9260 | -8/Materials | Identified Tripod Weapons Platform 9261 | -8/Materials | Attached Tripod Weapons Platform, gained temporary slots: Weapon x2 9292 | -8/Materials | Found Prototype Device 9293 | -8/Materials | Identified Exp. Focal Shield 9549 | -8/Materials | Build established: Scavenger-Executioner 9759 | -8/Materials | Discovered new exit (range 3) 10175 | -8/Materials | Identified exit to Garrison 10175 | -8/Materials | Entered Garrison 10209 | -8/Garrison | Triggered checkpoint 10322 | -8/Garrison | Garrison Relay disabled 10465 | -8/Garrison | Expanded RIF knowledge: Signal Jamming 10582 | -8/Garrison | Triggered checkpoint 10759 | -8/Garrison | Discovered new exit (range 8) 10831 | -8/Garrison | Triggered checkpoint 10906 | -8/Garrison | Core integrity fell below 20% 11087 | -8/Garrison | System corruption reached 10% 11131 | -8/Garrison | Triggered checkpoint 11184 | -8/Garrison | Discovered new exit (range 15) 11207 | -8/Garrison | Build established: Scavenger-Skirmisher 11289 | -8/Garrison | Triggered checkpoint 11376 | -8/Garrison | Discovered new exit (range 12) 11434 | -8/Garrison | Entered Factory 11434 | -7/Factory | Evolved 2 slots: Utility x2 11436 | -7/Factory | FarCom data flow suspended 11718 | -7/Factory | Build established: Scavenger-Tank 11844 | -7/Factory | Discovered new exit (range 15) 12176 | -7/Factory | Discovered new exit (range 7) 12352 | -7/Factory | Sucked down chute 12352 | -7/Factory | Entered Waste 12353 | -7/Waste | Met a frightened Derelict 12367 | -7/Waste | EMP discharged 12367 | -7/Waste | Spotted C-40 Crusher 12412 | -7/Waste | Found Broken Imp. Powered Armor 12418 | -7/Waste | Spotted C-40 Crusher 12426 | -7/Waste | Spotted C-40 Crusher 12439 | -7/Waste | Spotted C-40 Crusher 12447 | -7/Waste | Spotted C-40 Crusher 12457 | -7/Waste | Spotted C-40 Crusher 12467 | -7/Waste | EMP discharged 12467 | -7/Waste | System corruption reached 10% 12492 | -7/Waste | Discovered new exit (range 10) 12507 | -7/Waste | Entered Factory 13331 | -7/Factory | Discovered new exit (range 9) 13476 | -7/Factory | Build established: Tank 14391 | -7/Factory | Discovered new exit (range 8) 14442 | -7/Factory | Identified exit to Garrison 14442 | -7/Factory | Entered Garrison 14442 | -7/Garrison | Accompanied by 2 allies 14528 | -7/Garrison | Triggered checkpoint 14561 | -7/Garrison | Expanded RIF knowledge: Hotswap 14610 | -7/Garrison | Triggered checkpoint 14636 | -7/Garrison | Triggered checkpoint 14674 | -7/Garrison | Triggered checkpoint 14794 | -7/Garrison | Triggered checkpoint 14798 | -7/Garrison | Destroyed 8 combat bots 14955 | -7/Garrison | Discovered new exit (range 12) 15038 | -7/Garrison | Lost 3 parts (1n1u1w) 15228 | -7/Garrison | Triggered checkpoint 15309 | -7/Garrison | Build established: Scavenger-Tank 15377 | -7/Garrison | Garrison Relay disabled 15384 | -7/Garrison | Triggered checkpoint 15443 | -7/Garrison | Discovered new exit (range 3) 15466 | -7/Garrison | Found embedded Infiltrators 15629 | -7/Garrison | Triggered checkpoint 15711 | -7/Garrison | Discovered new exit (range 12) 15773 | -7/Garrison | Entered Factory 15773 | -7/Factory | Accompanied by 4 allies 16678 | -7/Factory | Discovered new exit (range 5) 16899 | -7/Factory | Build established: Tank 16957 | -7/Factory | Discovered new exit (range 13) 17404 | -7/Factory | Discovered new exit (range 4) 18064 | -7/Factory | Discovered new exit (range 7) 18263 | -7/Factory | Fabricated Arm. Huge Wheel? 18585 | -7/Factory | Identified exit to Garrison 18605 | -7/Factory | Entered Garrison 18649 | -7/Garrison | Triggered checkpoint 18885 | -7/Garrison | Triggered checkpoint 18902 | -7/Garrison | Triggered checkpoint 18940 | -7/Garrison | Destroyed 8 combat bots 18991 | -7/Garrison | Triggered checkpoint 19025 | -7/Garrison | Discovered new exit (range 23) 19025 | -7/Garrison | Discovered new exit (range 26) 19025 | -7/Garrison | Discovered new exit (range 63) 19413 | -7/Garrison | Expanded RIF knowledge: Alert ID Control 19448 | -7/Garrison | Entered Factory 19448 | -6/Factory | Evolved 2 slots: Utility x2 19853 | -6/Factory | Destroyed 8 combat bots 19957 | -6/Factory | Spotted B-75 Beast 20031 | -6/Factory | Build established: Scavenger-Gunner 20122 | -6/Factory | Cargo convoy interrupted 20165 | -6/Factory | Lost 6 parts (2n4u) 20192 | -6/Factory | Destroyed 11 combat bots 20498 | -6/Factory | First assault squad dispatched 20537 | -6/Factory | Destroyed 7 combat bots 20645 | -6/Factory | Destroyed 10 combat bots 20745 | -6/Factory | Build established: Scavenger-Skirmisher 20869 | -6/Factory | Core integrity fell below 50% 20892 | -6/Factory | Discovered new exit (range 12) 20897 | -6/Factory | Sucked down chute 20897 | -6/Factory | Entered Waste 20898 | -6/Waste | Met a frightened Derelict 20912 | -6/Waste | EMP discharged 20919 | -6/Waste | Spotted C-40 Crusher 20925 | -6/Waste | Lost 5 parts (1n2u2w) 20934 | -6/Waste | Spotted C-40 Crusher 20958 | -6/Waste | Spotted C-40 Crusher 20990 | -6/Waste | Spotted C-40 Crusher 20996 | -6/Waste | Spotted C-40 Crusher 21008 | -6/Waste | Spotted C-40 Crusher 21012 | -6/Waste | EMP discharged 21012 | -6/Waste | System corruption reached 10% 21020 | -6/Waste | Discovered new exit (range 10) 21032 | -6/Waste | Entered Factory 21274 | -6/Factory | Identified exit to Garrison 21291 | -6/Factory | Entered Garrison 21419 | -6/Garrison | Triggered checkpoint 21438 | -6/Garrison | Garrison Relay disabled 21501 | -6/Garrison | Garrison Relay disabled 21581 | -6/Garrison | Triggered checkpoint 21663 | -6/Garrison | Lost 4 parts (1p1n2u) 21712 | -6/Garrison | Core integrity fell below 20% 21746 | -6/Garrison | Lost 4 parts (2u2w) 21787 | -6/Garrison | Triggered checkpoint 21808 | -6/Garrison | Build established: Bothacker-Gunner 21933 | -6/Garrison | Garrison Relay disabled 22014 | -6/Garrison | Discovered new exit (range 9) 22072 | -6/Garrison | Triggered checkpoint 22126 | -6/Garrison | Expanded RIF knowledge: Coupler Efficiency 22213 | -6/Garrison | Discovered new exit (range 8) 22235 | -6/Garrison | Build established: Botlord-Gunner 22429 | -6/Garrison | Discovered new exit (range 9) 22455 | -6/Garrison | Discovered new exit (range 11) 22471 | -6/Garrison | Rescued a captive Derelict 22495 | -6/Garrison | Triggered checkpoint 22561 | -6/Garrison | Garrison Relay disabled 22620 | -6/Garrison | Entered Factory 22620 | -6/Factory | Accompanied by 7 allies 22779 | -6/Factory | Fabricated Arm. Huge Wheel (x2) 22813 | -6/Factory | Discovered new exit (range 15) 22849 | -6/Factory | Build established: Botlord-Mutant 22910 | -6/Factory | Lost 3 allies 23216 | -6/Factory | Allied Derelicts emerged from ambush trap array 23227 | -6/Factory | Identified exit to Garrison 23232 | -6/Factory | Entered Garrison 23232 | -6/Garrison | Accompanied by 3 allies 23261 | -6/Garrison | Triggered checkpoint 23289 | -6/Garrison | Garrison Relay disabled 23381 | -6/Garrison | Spotted B-75 Beast 23406 | -6/Garrison | Spotted B-75 Beast 23410 | -6/Garrison | Rewired B-75 Beast 23420 | -6/Garrison | Destroyed B-75 Beast 23445 | -6/Garrison | Lost 5 allies 23671 | -6/Garrison | Triggered checkpoint 23724 | -6/Garrison | Triggered checkpoint 23732 | -6/Garrison | Expanded RIF knowledge: Zone Cloak 23742 | -6/Garrison | Discovered new exit (range 12) 23806 | -6/Garrison | Triggered checkpoint 24125 | -6/Garrison | Garrison Relay disabled 24248 | -6/Garrison | Triggered checkpoint 24302 | -6/Garrison | Triggered checkpoint 24448 | -6/Garrison | Phase Generator disabled 24459 | -6/Garrison | Discovered new exit (range 8) 24637 | -6/Garrison | Garrison Relay disabled 24670 | -6/Garrison | Triggered checkpoint 24720 | -6/Garrison | Triggered checkpoint 24746 | -6/Garrison | Triggered checkpoint 24798 | -6/Garrison | Lost 6 allies 25054 | -6/Garrison | Triggered checkpoint 25073 | -6/Garrison | Triggered checkpoint 25104 | -6/Garrison | Garrison Relay disabled 25155 | -6/Garrison | Discovered new exit (range 11) 25194 | -6/Garrison | Triggered checkpoint 25216 | -6/Garrison | Triggered checkpoint 25239 | -6/Garrison | Garrison Relay disabled 25602 | -6/Garrison | Build established: Commander-Mutant 25633 | -6/Garrison | Entered Factory 25633 | -5/Factory | Accompanied by 16 allies 25633 | -5/Factory | Evolved 2 slots: Power x1, Utility x1 25672 | -5/Factory | Found Unknown Protection 25672 | -5/Factory | Identified Hvy. Insulated Plating 26215 | -5/Factory | Lost 9 allies 26253 | -5/Factory | Sucked down chute 26253 | -5/Factory | Entered Waste 26257 | -5/Waste | Found Adv. Powered Armor 26264 | -5/Waste | Spotted C-40 Crusher 26268 | -5/Waste | EMP discharged 26281 | -5/Waste | Spotted C-40 Crusher 26304 | -5/Waste | Spotted C-40 Crusher 26310 | -5/Waste | Spotted C-40 Crusher 26314 | -5/Waste | Spotted C-40 Crusher 26336 | -5/Waste | Spotted C-40 Crusher 26343 | -5/Waste | 4 allies followed down the chute 26368 | -5/Waste | EMP discharged 26368 | -5/Waste | System corruption reached 10% 26389 | -5/Waste | Discovered new exit (range 10) 26411 | -5/Waste | Build established: Bothacker-Mutant 26459 | -5/Waste | Entered Factory 26459 | -5/Factory | Accompanied by 1 ally 26511 | -5/Factory | Discovered new exit (range 16) 26560 | -5/Factory | Repaired Arm. Huge Wheel 27083 | -5/Factory | Build established: Hauler-Gunner 27909 | -5/Factory | P-70 Sage assimilated allied Slayer 6a 28079 | -5/Factory | Identified exit to Garrison 28079 | -5/Factory | Entered Garrison 28161 | -5/Garrison | Triggered checkpoint 28330 | -5/Garrison | Triggered checkpoint 28335 | -5/Garrison | Spotted B-75 Beast 28359 | -5/Garrison | Destroyed B-75 Beast 28432 | -5/Garrison | Triggered checkpoint 28496 | -5/Garrison | Lost 4 parts (2p2n) 28581 | -5/Garrison | Triggered checkpoint 28725 | -5/Garrison | Discovered new exit (range 10) 28783 | -5/Garrison | Triggered checkpoint 28854 | -5/Garrison | Triggered checkpoint 28888 | -5/Garrison | Garrison Relay disabled 28917 | -5/Garrison | Discovered new exit (range 55) 28917 | -5/Garrison | Discovered new exit (range 83) 28917 | -5/Garrison | Discovered new exit (range 12) 29002 | -5/Garrison | Expanded RIF knowledge: Autoassimilate 29125 | -5/Garrison | Spotted B-75 Beast 29140 | -5/Garrison | Destroyed B-75 Beast 29165 | -5/Garrison | Build established: Botlord-Gunner 29193 | -5/Garrison | Found Relay Coupler [Proto] 29196 | -5/Garrison | Found Relay Coupler [Proto] 29199 | -5/Garrison | Found Relay Coupler [Proto] 29203 | -5/Garrison | Found Relay Coupler [Proto] 29277 | -5/Garrison | Triggered checkpoint 29455 | -5/Garrison | Rewired Executioner 29522 | -5/Garrison | Entered Factory 29522 | -5/Factory | Accompanied by 3 allies 29532 | -5/Factory | Identified exit to Garrison 29532 | -5/Factory | Entered Garrison 29532 | -5/Garrison | Accompanied by 3 allies 29561 | -5/Garrison | Destroyed Executioner 29684 | -5/Garrison | Garrison Relay disabled 29851 | -5/Garrison | Spotted B-75 Beast 29951 | -5/Garrison | Destroyed B-75 Beast 30031 | -5/Garrison | Lost 3 parts (2n1u) 30040 | -5/Garrison | Destroyed 7 combat bots 30227 | -5/Garrison | Garrison Relay disabled 30268 | -5/Garrison | Discovered new exit (range 15) 30324 | -5/Garrison | Expanded RIF knowledge: Autooverride 30366 | -5/Garrison | Phase Generator disabled 30858 | -5/Garrison | Spotted B-75 Beast 30907 | -5/Garrison | Destroyed B-75 Beast 31098 | -5/Garrison | Triggered checkpoint 31309 | -5/Garrison | Triggered checkpoint 31478 | -5/Garrison | Triggered checkpoint 31904 | -5/Garrison | Discovered new exit (range 35) 31904 | -5/Garrison | Discovered new exit (range 70) 31904 | -5/Garrison | Discovered new exit (range 24) 31925 | -5/Garrison | Garrison Relay disabled 32247 | -5/Garrison | Found Relay Coupler [Proto] 32251 | -5/Garrison | Found Relay Coupler [Proto] 32255 | -5/Garrison | Found Relay Coupler [Proto] 32258 | -5/Garrison | Found Relay Coupler [Proto] 32301 | -5/Garrison | Entered Factory 32301 | -4/Factory | Accompanied by 1 ally 32301 | -4/Factory | Evolved 2 slots: Utility x2 32345 | -4/Factory | Identified exit to Garrison 32345 | -4/Factory | Entered Garrison 32345 | -4/Garrison | Accompanied by 1 ally 32400 | -4/Garrison | Triggered checkpoint 32978 | -4/Garrison | Triggered checkpoint 33003 | -4/Garrison | Spotted B-86 Titan 33014 | -4/Garrison | Destroyed B-86 Titan 33037 | -4/Garrison | Triggered checkpoint 33271 | -4/Garrison | Triggered checkpoint 33370 | -4/Garrison | Build established: Botlord-Tank 33662 | -4/Garrison | Discovered new exit (range 8) 33822 | -4/Garrison | Triggered checkpoint 33913 | -4/Garrison | Triggered checkpoint 33999 | -4/Garrison | Triggered checkpoint 34115 | -4/Garrison | Garrison Relay disabled 34186 | -4/Garrison | Discovered new exit (range 9) 34224 | -4/Garrison | Expanded RIF knowledge: Threat Obfuscation 34465 | -4/Garrison | Triggered checkpoint 34480 | -4/Garrison | Discovered new exit (range 32) 34480 | -4/Garrison | Discovered new exit (range 55) 34480 | -4/Garrison | Discovered new exit (range 23) 34922 | -4/Garrison | Build established: Botlord-Gunner 34991 | -4/Garrison | Entered Factory 34991 | -4/Factory | Accompanied by 1 ally 35176 | -4/Factory | Discovered new exit (range 11) 35306 | -4/Factory | Build established: Botlord-Tank 35436 | -4/Factory | Lost 3 allies 35743 | -4/Factory | Build established: Botlord-Gunner 35805 | -4/Factory | Spotted B-86 Titan 35808 | -4/Factory | Assimilated Titan 7a with formatsys_high 36116 | -4/Factory | Lost 4 parts (1n1u2w) 36241 | -4/Factory | First assault squad dispatched 36301 | -4/Factory | Core integrity fell below 50% 36321 | -4/Factory | Cargo convoy interrupted 36382 | -4/Factory | System corruption reached 10% 37181 | -4/Factory | Lost 3 parts (1p1n1w) 37198 | -4/Factory | Destroyed 9 combat bots 37243 | -4/Factory | High security lockdown imminent 37274 | -4/Factory | Released all parts (7) 37276 | -4/Factory | Discovered new exit (range 10) 37281 | -4/Factory | Entered Research 37281 | -3/Research | Evolved 2 slots: Propulsion x2 37287 | -3/Research | Destroyed 9 combat bots 37287 | -3/Research | Identified exit to Testing 37305 | -3/Research | Lost 22 parts (3p4n10u5w) 37386 | -3/Research | Spotted B-86 Titan 37531 | -3/Research | First assault squad dispatched 37601 | -3/Research | Discovered new exit (range 10) 37603 | -3/Research | Entered another Research area 37603 | -2/Research | Evolved 2 slots: Propulsion x2 37621 | -2/Research | Identified exit to Garrison 37625 | -2/Research | Entered Garrison 37640 | -2/Garrison | Garrison Relay disabled 37650 | -2/Garrison | Lost 5 parts (2p2u1w) 37675 | -2/Garrison | Triggered checkpoint 37713 | -2/Garrison | Garrison Relay disabled 37855 | -2/Garrison | Lost 4 parts (2n1u1w) 37870 | -2/Garrison | Triggered checkpoint 37880 | -2/Garrison | Spotted B-90 Cyclops 38122 | -2/Garrison | Build established: Botlord-Sprinter 38122 | -2/Garrison | Discovered new exit (range 10) 38127 | -2/Garrison | Triggered checkpoint 38155 | -2/Garrison | Triggered checkpoint 38172 | -2/Garrison | Garrison Relay disabled 38183 | -2/Garrison | Learned Research security intel 38223 | -2/Garrison | Assimilated Cyclops 9a with formatsys_high 38295 | -2/Garrison | Triggered checkpoint 38555 | -2/Garrison | Lost 4 allies 38572 | -2/Garrison | Lost 5 parts (1p2n2u) 38574 | -2/Garrison | Garrison Relay disabled 38587 | -2/Garrison | Triggered checkpoint 38626 | -2/Garrison | Phase Generator disabled 38631 | -2/Garrison | Expanded RIF knowledge: Structural Interface 38639 | -2/Garrison | Discovered new exit (range 11) 38642 | -2/Garrison | Spotted Executioner 38648 | -2/Garrison | Assimilated Executioner with formatsys_high 38659 | -2/Garrison | Destroyed Executioner 38665 | -2/Garrison | Found Exp. Core Analyzer 38667 | -2/Garrison | Found Exp. Targeting Computer 38707 | -2/Garrison | Discovered new exit (range 8) 38709 | -2/Garrison | Found embedded Infiltrators 38849 | -2/Garrison | Triggered checkpoint 38890 | -2/Garrison | Spotted B-90 Cyclops 38899 | -2/Garrison | Rewired B-75 Beast 38918 | -2/Garrison | Allies destroyed B-90 Cyclops 39048 | -2/Garrison | Found Unknown Device 39048 | -2/Garrison | Identified Quantum Capacitor 39110 | -2/Garrison | Triggered checkpoint 39210 | -2/Garrison | Triggered checkpoint 39263 | -2/Garrison | Garrison Relay disabled 39348 | -2/Garrison | Entered Research 39348 | -2/Research | Accompanied by 2 allies 39355 | -2/Research | Identified exit to Quarantine 39455 | -2/Research | Spotted B-90 Cyclops 39456 | -2/Research | Spotted B-90 Cyclops 39484 | -2/Research | Spotted B-90 Cyclops 39623 | -2/Research | Entered Quarantine 39663 | -2/Quarantine | Found Alien Energy Cannon 39663 | -2/Quarantine | Identified Core Cannon 39711 | -2/Quarantine | Found Alien Artifact 39727 | -2/Quarantine | Found Alien Reactor 39732 | -2/Quarantine | Discovered new exit (range 9) 39789 | -2/Quarantine | Spotted Fortress 39792 | -2/Quarantine | Assimilated Fortress with formatsys_high 39946 | -2/Quarantine | P-80 Master assimilated allied Fortress 39955 | -2/Quarantine | Discovered new exit (range 6) 39955 | -2/Quarantine | Discovered new exit (range 7) 39957 | -2/Quarantine | Entered Protoforge 39976 | -2/Protoforge | Spotted Hotshot 39996 | -2/Protoforge | Spotted Hotshot 40008 | -2/Protoforge | Superfortress began startup sequence 40013 | -2/Protoforge | Spotted Hotshot 40079 | -2/Protoforge | Spotted Hotshot 40080 | -2/Protoforge | Spotted Hotshot 40103 | -2/Protoforge | Spotted Hotshot 40109 | -2/Protoforge | Spotted Hotshot 40115 | -2/Protoforge | Core integrity fell below 50% 40174 | -2/Protoforge | Lost 14 parts (2p6n4u2w) 40186 | -2/Protoforge | Spotted Hotshot 40187 | -2/Protoforge | Core integrity fell below 20% 40187 | -2/Protoforge | Spotted Hotshot 40197 | -2/Protoforge | Destroyed by G-73 Enforcer with Heavy Laser Last Messages --------------- 40167_ W-44 Eye sends out distress signal. 40171_ U-05 Engineer builds a Wall. 40176_ Penetrated by Slug. 40176_ Exp. Heat Sink destroyed. 40176_ Slug penetrates Wall. 40181_ Slammed into Hotshot. 40181_ Destabilizing: Core damaged (-29). 40182_ Slammed into Hotshot. 40184_ Exp. Targeting Computer broken. 40184_ Destabilizing: Short circuit. 40185_ Hotshot activates shielding mode. 40185_ Slammed into Hotshot. 40186_ Exp. Core Analyzer broken. 40186_ Destabilizing: Short circuit. 40188_ Slammed into Hotshot. 40189_ Broken Exp. Targeting Computer destroyed. 40189_ Slammed into Hotshot. 40190_ Hotshot activates shielding mode. 40190_ Slammed into Hotshot. 40196_ Hotshot activates shielding mode. Map ----- +----------------------------------------------------+ | ?????????????????????????????????????????????????? | | ?????????????????????????????????????????????????? | | ?????????????????????????????????????????????????? | | ?????????????????????????????????????????????????? | | ?????????????????????????????????????????????????? | | ?????????????????????????????????????????????????? | | ?????????????????????????????????????????????????? | | ?????????????????????????????????????????????????? | | ?????????????????????????????????????????????????? | | ???????? ????????????????????????????????????????? | | ??????? ??????????????????????????????????????? | | ??????? #?????????????????????????????????????? | | ??????? #?????????????????????????????????????? | | ??????? #?????????????????????????????????????? | | ??????? ###??????????######???????????????????? | | ??????? ?????????# ##??????????????????? | | ??????? ??????????? ??????????H????????? | | ??????# ???????????? " ???????????????????? | | ??????# #???????????? ????????????????????? | | ??????# #???????????? ????????????????????? | | ##+#### #????????#???# #????????????????????? | | #???????""???# #????????????????????? | | #??????"?????# #????????????????????? | | ######"????### #????????????????????? | | ? #????????????????????? | | /######/########????????#@ #????????????????????? | | ?????# #?????????# #?######?????????????? | | ?????# #?????????# #? #?????????????? | | ?????# """" ########??# # #?????????????? | | ?????# """" + #??# # #?????????????? | | ?????# """" ###### #??# n/ #??????##?????? | | ?????# """" "????# #??# # #??????# ?????? | | ?????# """" #????# #??# # #??????# "????? | | ?????# """" ######/#### #?######??????# ????? | | ?????# ## # #?????????????# "????? | | ?????##+######## """ # #?????????????# ???? | | ??????# #??????# """ #gg #?????????????? ???? | | ?????? ??????# """ /ggg#################/#### | | ?????? ??????# #g | | ?????? ??????# #g # | | ??????# ??????# # # | | ??????# ?????# "T" # ##########/########/## | | ??????# ?????# """ # #??????# ##%*=*! | | ??????? ?????########## #??????# ##[[%!= | | ??????? ??????????????# +??????# ##%""" | | ??????? ????????????? #??????# ## """ | | ??????? ???????????? #??????# ##[""" | | ??????? ??????????? #??????# ##% | | ??????? ??????????+#######??????# ## | | ??????? ?????????????????????????# ## | +----------------------------------------------------+ Best States ------------- Heat Dissipation 129 Coolant Potential 180 Energy Generation 73 Energy Capacity 1100 Matter Stores 550 Matter Capacity 550 Sight Range 20 Robot Scan Range 15 Terrain Scan Range 20 Terrain Scan Density 85 Jamming Range 16 Power Amplification 70 Additional Mass Support 9 EM Shielding 4 Corruption Block 20 Armor Coverage 825 Resistance: KI 30 Resistance: TH 25 Resistance: EM 30 Core Shielding 30 Propulsion Shielding 33 Weapon Shielding 66 Weapon Cycling 25 Melee Speed Boost 20 Evasion (%) 73 Targeting Accuracy 40 Core Analysis 8 Recoil Reduction 6 Energy Filtering 30 Offensive Hacking 14 Defensive Hacking 12 Relay Coupler Types 9 Relay Coupler Value 179 Authchip Count 2 Item Schematics ----------------- Huge Storage Unit | -10/Materials | Hacked Arc Projector | -8/Materials | Scanalyzed Hvy. Deuterium Engine | -8/Materials | Scanalyzed Arm. Wheel | -8/Materials | Hacked Arm. Huge Wheel | -7/Factory | Hacked Neutrino Core | -6/Factory | Scanalyzed Robot Schematics ------------------ M-13 Machinist | -10/Materials | Hacked Fabricated ------------ Arm. Huge Wheel | x2 | -7/Factory Arm. Huge Wheel | x2 | -6/Factory | Authchip Repaired ---------- Arm. Huge Wheel | 34% | -5/Factory Alien Tech Used ----------------- Core Cannon Achievements -------------- None Challenges ------------ None Game ------ Seed TripodScrapoidMinigun Manual? 0 Play Time 07:59:23 Cumulative 828.7 hours Start 2025.05.24 @ 15:52:35 End 2025.05.26 @ 15:31:20 Sessions 17 Manual Loads 0 Difficulty Rogue Special Mode None Game No. 466 Rogue 466 Adventurer 0 Explorer 0 Win Type - Total 22 Types 10/3/3/0/1/1/2/2/0/0 Lore% 79 Gallery% 83 Achievement% 82 Wizard Run 0 Options --------- Layout 0 ASCII 0 Keyboard 0 Movement Numpad Keybinds 0 Fullscreen 2 Font 24/Smallcaps Map View 76x50 Zoom Use 0% Tactical HUD 1 Map Filters NONE Filters NONE Steam 1 RUN: 203efdc9-e2a0-4b29-b5f6-70df43014580